Workbook
Name _Hlk88571830: 'Tab 5 Multi-annual targets '!#REF!
Name _Hlk95981819: 'Tab 5 Multi-annual targets '!#REF!
Name _Hlk96267063: 'Tab 5 Multi-annual targets '!#REF!
Name _Hlk96267083: 'Tab 5 Multi-annual targets '!#REF!
Name _Int_joejLXOw: 'Tab 5 Multi-annual targets '!#REF!
Name _Toc1343095740: 'Tab 5 Multi-annual targets '!#REF!
Name _Toc369500605: 'Tab 5 Multi-annual targets '!#REF!
Name _Toc512764507: 'Tab 5 Multi-annual targets '!#REF!
Name _Toc632574498: 'Tab 5 Multi-annual targets '!#REF!
Name _Toc872994150: 'Tab 5 Multi-annual targets '!#REF!
Name _Toc919062024: 'Tab 5 Multi-annual targets '!#REF!

Sheet Tab 1 Budget summary
B3: Table 1: Total budget MACP USD | E3: Table 5: Total budget OF USD
B4: Organization | C4: Total (2024-2027) | E4: Organization | F4: Total (2024-2027)
B5: UNHCR | C5: 16616541 | E5: UNHCR
B6: UNICEF | C6: 31583000 | E6: UNICEF | F6: =SUM(F16+F27+F36) -> 0
B7: ILO | C7: =SUM(C18+C28+C37) -> 16231707 | E7: ILO | F7: =SUM(F18+F28+F37) -> 0
B8: World Bank | C8: =SUM(C19+C29) -> 14000000 | E8: World Bank | F8: =SUM(F19+F29) -> 0
B9: IFC* | C9: =C20 -> 19690000 | E9: IFC | F9: 0
B10: Total | C10: =SUM(C5:C9) -> 98121248 | E10: Total | F10: =SUM(F5:F9) -> 0
A11: * Includes BF
B13: Table 2: Total activity costs MACP USD | E13: Table 6: Total activity costs OF USD
B14: Organization | C14: Total (2024-2027) | E14: Organization | F14: Total (2024-2027)
B15: UNHCR | C15: 15602385 | E15: UNHCR | F15: 0
B16: UNICEF | C16: ='Tab 2 Programme Portfolio'!B77 -> 26321799 | E16: UNICEF | F16: ='Tab 2 Programme Portfolio'!E77 -> 0
B17: UNICEF cross-sectoral costs** | C17: 2632180
B18: ILO | C18: 14222121 | E18: ILO | F18: ='Tab 2 Programme Portfolio'!E78 -> 0
B19: World Bank | C19: ='Tab 2 Programme Portfolio'!B79 -> 14000000 | E19: World Bank | F19: ='Tab 2 Programme Portfolio'!E79 -> 0
B20: IFC | C20: ='Tab 2 Programme Portfolio'!B80 -> 19690000 | E20: IFC | F20: ='Tab 2 Programme Portfolio'!E80 -> 0
B21: Total | E21: Total | F21: =SUM(F15:F20) -> 0
A22: * Includes BF
A23: **The successful implementation of the UNICEF programme involves incurring staff and operational expenses within the implementing programme section(s) as well as in the cross-sectoral and programme effectiveness functions. The cross sectoral support budget line includes advocacy, monitoring and evaluation and other operational support for the effective and efficient management of the interventions. Out of a desire to enhance UNICEF’s capacity to address gender, Social and Behavioural Change and climate, among others, UNICEF has recruited additional capacity to support cross cutting functions.
B24: Table 3: Indirect recovery costs MACP USD - optional | E24: Table 7: Indirect recovery costs OF USD - optional
B25: Organization | C25: Total (2024-2027) | E25: Organization | F25: Total (2024-2027)
B26: UNHCR | C26: 0 | E26: UNHCR | F26: 0
B27: UNICEF | C27: 2316318 | E27: UNICEF | F27: 0
B28: ILO | C28: 1848875.8 | E28: ILO | F28: 0
B29: World Bank | C29: 0 | E29: World Bank | F29: 0
B30: IFC | E30: IFC | F30: 0
B31: Total | C31: 0 | E31: Total | F31: =SUM(F26:F30) -> 0
B34: Table 4: UN Levy costs MACP USD | E34: Table 8: UN Levy costs OF USD
B35: Organization | C35: Total (2024-2027) | E35: Organization | F35: Total (2024-2027)
B36: UNICEF | C36: 321703 | E36: UNICEF | F36: 0
B37: ILO | C37: 160709.97 | E37: ILO | F37: 0
B38: Total | C38: 0 | E38: Total | F38: =SUM(F36:F37) -> 0

Sheet Tab 2 Programme Portfolio
A1: Reference | B1: Title of Intervention | C1: Type of intervention | D1: MACP or OF | E1: Short description of Intervention | F1: Pillar | G1: Participating Partners (PROSPECTS only) | H1: UNICEF Budget (if applicable) | I1: UNHCR Budget (if applicable) | J1: ILO Budget (if applicable) | K1: WB Budget (if applicable) | L1: IFC Budget (if applicable) | M1: Total budget (= multi-annual) | N1: Geographic area | O1: Implementation period | P1: Target group | Q1: Government Counterparts | R1: Other implementing organizations | S1: Contribution to ToC Outcomes | T1: Other relevant information
A2: Pillar 1: EDUCATION AND LEARNING
A3: 1.1 | B3: Support the MOE in its ambition to catch up students on learning and develop stronger mechanisms for retention | C3: Partner specific intervention | D3: MACP | E3: UNICEF will support 50 schools in the most vulnerable field directorates to access learning outside of school hours, but inside schools. A reading recovery programme that has already been tried and tested in Syrian refugee camps and is achieving positive outcomes and will be implemented for students, including refugees who do not have reading mastery at grade 3. A mathematics programme that will address critical concepts will be introduced for students, including refugees, who cannot manage at grade level. UNICEF will build on the successful first three years of the nationally implemented MOE-UNICEF Learning Bridges programme. Learning Bridges is already reaching 67 per cent of schools nationally and with additional support the quality of implementation can be improved. This will include a strengthened emphasis on gender nuanced climate change, life and employment skills. UNICEF will continue supporting Learning Bridges champions in all Field Directorates and focus on improving implementation in boys’ schools. In order to ensure the most vulnerable children, including refugees, have the support they need UNICEF will continue to support Learning Bridges clubs. A referral system for the clubs is in place but will be strengthened. Students attending clubs will be supported to complete their Learning Bridges projects and develop digital skills. UNICEF will share lessons learned from the Learning Bridges programme to inform the implementation of the MOE National Blended Learning Strategy. Building on PROSPECTS 1.0, UNICEF will support the Ministry of Education (MOE) in the rollout of the Teacher of the Future (TOF) programme to target schools leading to an impact on the quality of teaching and learning, including gender inclusive values. Planned further development of the course includes upskilling the teacher professional on digital teaching and learning. UNICEF is planning the Teacher of the Future course as a product for use across the MENA region. To support the MOE, Field Directorates and schools to promote regular attendance of vulnerable adolescents, including refugees who have a much higher risk of drop-out than their Jordanian countparts, UNICEF will contribute to research on out-of-school children. This research will inform national policy and programmes; support the MOE to develop a national and cross sectoral Retention and Prevention Strategy; and pilot prevention of drop-out intervention(s). UNICEF will also deliver its Reading Recovery programme in Syrian Refugee camp schools and Non-formal Education (NFE) centres (throughout 2024 2025), as not being able to read is linked to drop out. UNICEF will continue its work to support school leadership in Syrian refugee camp schools with a focus on use of evidence and data to inform the implementation of school development plans. UNHCR will continue coordination and advocacy with education development donors and education stakeholders to ensure mainstreaming refugees in all programming and implementation of MoEs Inclusive Education Strategy. UNHCR will support provision of tertiary education programs that facilitate access to the job market in Jordan or through labor mobility. UNHCR will strengthen community based innovative education through its connected learning hubs and learning support programs. Considering the importance of data for planning and reporting, UNHCR will prioritize providing technical support to the education national data systems; the OPENEMIS of Ministry of Education/QRC information management system in coordination with UNESCO through direct arrangement and technical support to ensure that international protection status is reflected in national information systems. The Whole of Society Approach is essential in alignment with Global Compact on Refugees principles, based on that the operation will support Jordan Civil Society Network for Displacement efforts engaging in Global Refuge Forum 2023 and advocacting/pledging for supporting an inclusive refugee environment. An advocacy message aligned to the network’s 2023 theme will be drafted by think tanks members of the network to be presented at GRF 2023. Network members will develop a pledge. | F3: Pillar 1: EDUCATION AND LEARNING | G3: UNICEF | H3: 5001142 | I3: 0 | J3: 0 | K3: 0 | L3: 0 | M3: =SUM(H3:L3) -> 5001142 | N3: All governorates | O3: 2024-2027 | P3: Ministry of Education and DOE staff Ministry of Education teachers Syrian Assistant Teachers Students in grades 4 to 12 | Q3: Ministry of Education Ministry of Youth Ministry of Digital Economy and Entreprenurship Directorates of Education | S3: Access to basic services
A4: 1.2 | B4: Capacity building to formal and non-formal skills training programmes | C4: Aligned intervention | D4: MACP | E4: The proposed intervention aims to improve the quality, agility and responsiveness of formal and non-formal vocational and skills training institutions to become more agile and responsive to market demands in real time. UNICEF will work collaboratively with relevant line ministries to assess their strengths and weaknesses, deployment of enhanced Learning and Information Management Systems, greater capacity to link with demand driven employment opportunities, and increase the quality evidence to support policy and programming reforms within the current national skills building systems. To harness the opportunities of digital transformation, the intervention will support as a cross-cutting area efforts to embrace systemic changes that promote digitalization practices in skilling linked to civic engagement and employment. | F4: Pillar 1: EDUCATION AND LEARNING | G4: UNICEF ILO UNHCR | H4: 1000000 | M4: =SUM(H4:L4) -> 1000000 | N4: All governorates | O4: 2024-2027 | P4: Ministry of Labor ,technical and vocational skills development commission Staff, Ministry of Labor Staff,Vocational Training Corporation Staff and Refugees and Jordanian youth | Q4: Ministry of Labor ,technical and vocational skills development commission, Vocational Training Corporation | S4: Access to socio-economic opportunities
A5: 1.3 | B5: Harmonized TVET stakeholders engagement | C5: Aligned intervention | D5: MACP | E5: The proposed intervention, through a coordinated response, seeks to improve the systemization of key social and behavioral messaging surrounding the perceptions of Technical and Vocational Education and Training (TVET) in Jordan. Through a collaborative process with the Ministry of Labor, UNICEF will co-lead the testing and refinement of messages about the importance of TVET, available pathways and how to acquire the skills needed for young people to successfully transition into adulthood. Importantly the increased awareness through a coordinated fashion will lead to an increase in the demand for TVET and participation in formal and in-formal education programmes. | F5: Pillar 1: EDUCATION AND LEARNING | G5: UNICEF ILO UNHCR | H5: 50000 | M5: =SUM(H5:L5) -> 50000 | N5: All governorates | O5: 2024-2027 | P5: Ministry of Labor ,technical and vocational skills development commission Staff, Ministry of Labor Staff, Vocational Training Corporation Staff | Q5: Ministry of Labor, technical and vocational skills development commission, Vocational Training Corporation | S5: Access to socio-economic opportunities
A6: 1.4 | B6: Meaningful young peoples engagment | C6: Aligned intervention | D6: MACP | E6: The proposed intervention aims to enhance the meaningful engagement of young people, especially girls, in addressing the specific barriers to skilling and employment. The component will work to address key concerns, develop a collaborative set of priorities and co-create interventions to shift the perceptions of career and job ready skills training (TVET). Through youth led action in civic engagement, this component will address the negative perceptions regarding the relevancy and quality of education and TVET through a Social and Behaviour Change (SBC) lens. | F6: Pillar 1: EDUCATION AND LEARNING | G6: UNICEF ILO UNHCR | H6: 200000 | M6: =SUM(H6:L6) -> 200000 | N6: All governorates | O6: 2024-2027 | P6: Refugees and Jordanian youth | Q6: Ministry of Youth | S6: Access to socio-economic opportunities
A7: 1.5 | B7: 21st century Skills including digital and financial literacy training | C7: Aligned intervention | D7: MACP | E7: The proposed intervention aims to improve the design, delivery and evaluation of skills service delivery on gender-responsive 21st century skills (e.g. communication, problem-solving, teamwork, emotional intelligence, critical thinking) and digital and financial literacy that is offered throughout all governorates across the country. It will help equip line ministries and trainers with the skills required to provide these foundation skills while addressing the entrenched inequities in the successful transition of young women into the labor market. | F7: Pillar 1: EDUCATION AND LEARNING | G7: UNICEF ILO UNHCR | H7: 1964360 | M7: =SUM(H7:L7) -> 1964360 | N7: All governorates | O7: 2024-2027 | P7: Ministry of Youth staff, Ministry of Digital Economy and Entreprenership Staff, Syrians and Jordanian youth | Q7: Ministry of Youth, Ministry of Digital Economy and Entreprenership | S7: Access to socio-economic opportunities
A8: 1.6 | B8: Volunteering/Service Leadership | C8: Aligned intervention | D8: MACP | E8: The proposed intervention aims to co-create meaningful and incentivized volunteering and engagement opportunities with young people, especially girls. Such opportunities will provide young people with the opportunities to exercise their skills in meaningful environments that serve to positively contribute to their communities. In order to further develop their potential. UNICEF will cultivate and nurture young people's leadership skills in their homes, schools, and communities (including camp-based operations). These efforts support the government’s National Volunteer Strategy and National Modernization Strategy by specifically demonstrating the important role young play in social cohesion and nation building. This also includes support from UNICEF HQ to build capacity, roll out global goods like IASC youth guidelines and related capacity development materials for young people; funding & capacity building for young people to design and implement initiatives across sectors to address challenges they see in their communities. | F8: Pillar 1: EDUCATION AND LEARNING | G8: UNICEF ILO UNHCR | H8: 1000000 | M8: =SUM(H8:L8) -> 1000000 | N8: All governorates | O8: 2024-2027 | P8: Ministry of Youth, Refugess and Jordanian youth | Q8: Ministry of Youth | R8: UNHCR | S8: Access to socio-economic opportunities
A9: 1.7 | B9: Increased access to green skills for climate action | C9: Aligned intervention | D9: MACP | E9: The proposed intervention aims to equip young people, especially girls, with a wide range of green skills in order to positively contribute to climate action across the country. It will equip line ministries and training providers with the on and offline opportunities for blended learning while also creating the space for young people to exercise their agency through youth led actions that address local, national and global climate change impacts. Under the component, capacity building will be provided to support the sustainability of youth-led networks and organizations to advocate for specific and targeted climate change initiatives in their communities. | F9: Pillar 1: EDUCATION AND LEARNING | G9: UNICEF ILO UNHCR | H9: 964360 | M9: =SUM(H9:L9) -> 964360 | N9: All governorates | O9: 2024-2027 | P9: Syrians and Jordanian youth | Q9: Ministry of Youth, Ministry of Environment, Ministry of Agriculture | S9: Access to socio-economic opportunities
A10: 1.8 | B10: Career ready skills for employment | C10: Aligned intervention | D10: MACP | E10: The proposed intervention aims to enhance the available opportunities for accredited career ready skills training offered through multi-disciplinary channels including on and offline technical formal and non-formal TVET centers' vocational training or on-the-job training, linked to formal wage employment (including in sectors open to refugees). In order to enhance the government’s abilities to harness the opportunities of digital transformation, the intervention will also identify specific areas for greater integration and collaboration along the learning to earning ecosystem. | F10: Pillar 1: EDUCATION AND LEARNING | G10: UNICEF ILO UNHCR | H10: 2000000 | M10: =SUM(H10:L10) -> 2000000 | N10: All governorates | O10: 2024-2027 | P10: Refugees and Jordanian youth | Q10: Ministry of Labor, Vocational Training Corporation | S10: Access to socio-economic opportunities
A11: 1.9 | B11: Internship programme | C11: Aligned intervention | D11: MACP | E11: The proposed intervention seeks to provide young people, especially girls with real time updated information on demand driven career and job opportunities within local environments. Through greater collaboration with key stakeholders and the private sector, market insights on skills and qualifications requirements and on behavioral insights will be gathered and synthesized in a systemic fashion. The aim is to establish and strengthen a national internship and apprenticeship scheme in partnership with private sector companies that contributes to the national modernization strategy. | F11: Pillar 1: EDUCATION AND LEARNING | G11: UNICEF ILO UNHCR | H11: 100000 | M11: =SUM(H11:L11) -> 100000 | N11: All governorates | O11: 2024-2027 | P11: Refugees and Jordanian youth | Q11: Ministry of Labor, Ministry of Youth, Vocational Training Corporation | R11: ILO, UNHCR | S11: Access to socio-economic opportunities
A12: 1.1 | B12: Mentorship | C12: Collective intervention | D12: MACP | E12: The proposed intervention aims to increase the opportunities for young people’s, especially girls, successful transition into the labor market either through formal or self-employment. Critical to addressing the barriers the impede their engagements is lacking an understanding of what is required within labor markets and the feeling of isolation without role models. In conjunction with interventions above, this component will work to address the need for mentors and role models that are able to listen, engage and offer advice to engaging young people as they enter the labor market. This intervention aims to not only strengthen the success of young people, especially girls, transition to employment but also offer opportunities for volunteerism and service leadership to the mentors. | F12: Pillar 1: EDUCATION AND LEARNING | G12: UNICEF ILO | H12: 150000 | M12: =SUM(H12:L12) -> 150000 | N12: All governorates | O12: 2024-2027 | P12: Refugees and Jordanian youth | Q12: Ministry of Labor, Ministry of Youth, Vocational Training Corporation | S12: Access to socio-economic opportunities
A13: 1.1.1 | B13: Support the skills and TVET system and private sector engagement to promote market relevant skills and lifelong learning in the context of future of work. | C13: Aligned intervention | D13: MACP | E13: Building on the support provided by PROSPECTS in Phase-I to the TVSDC and TVET system in Jordan, which supported the development of the RPL framework and its implementation guide and development of unified system for the National Occupational Standard (NOS) and contributed to accreditation criteria for Work Based Learning (WBL) programs and review of the TVET laws and legislation, Phase II will provide support to the review of the national legislation and regulations related to TVET to reduce fragmentation, aligning the NOSs and the Jordanian Standard Classification of Occupations (JSCO), establishing framework for developing national TVET curricula based on the NOS, establishing national system for the apprenticeship/WBL, operationalizing the National Qualification Framework (NQF) and its main dimensions such as TVET providers listing, qualification placement, foreign qualifications alignment, etc. ILO will ensure to align the work under this intervention with UNICEF’s intervention on building the capacities of the formal and non-formal skills training programmes (UNICEF intervention 1.2) to avoid any duplication or overlapping and at the same time join the efforts on supporting some building blocks in the TVET national strategy. | F13: Pillar 1: EDUCATION AND LEARNING | G13: ILO | J13: 560657.38 | M13: =SUM(H13:L13) -> 560657.38 | N13: National wide | O13: 2024-2027 | P13: TVET providers | Q13: Technical Vocational and Skills Development Commission (TVSDC) | S13: Access to socio-economic opportunities
A14: 1.1.2 | B14: Build capacity of TVET institutions to design and implement more inclusive quality training | C14: Aligned intervention | D14: MACP | E14: Phase II will support building the capacities of vocational instructors and master craft people to implement quality competency-based vocational training and WBL programs with focus on digital and green skills and jobs. This includes both methodological and technical domains where the capacities of the master craft people will be built on the methods and strategies of training, and the capacities of instructors and crafts person will be strengthened on the new technologies in the labour market. Phase II will explore the possibility and feasibility for establishing award and criteria for classification of TVET providers as a tool to improve the performance of TVET providers. Capacity building of TVET providers will also take into consideration gender mainstreaming and disability inclusion. ILO and UNICEF (intervention 1.5 on 21st century skills) will explore the possibility to joint efforts to establish a training guide for mainstreaming core life and work skills into skills training programmes and using this guide for building the capacities of the vocational instructors and master craft people on integrating the life and digital skills in the training and assessment processes of vocational training, WBL, and other skills training programmes. | F14: Pillar 1: EDUCATION AND LEARNING | G14: ILO, UNICEF | J14: 528657.38 | M14: =SUM(H14:L14) -> 528657.38 | N14: National wide with focus on TVET providers in Amman, Balqa, and North | O14: 2024-2027 | P14: TVET providers | Q14: Technical Vocational and Skills Development Commission (TVSDC) | S14: Access to socio-economic opportunities
A15: 1.1.3 | B15: Enhance the capacity, contribution, and visibility of National Sector Skills Councils (NSSCs) in Jordan | C15: Partner specific intervention | D15: MACP | E15: National Sector Skills councils help specify the nature of the skills needs based on industry needs. ILO under phase II will expand its support to the NSSCs in Jordan (initiated in phase I) and enhance their capacity to anticipate and identify the skills currently in demand in the labour market particularly in the green and digital sectors and develop training programs vocational training and WBL programs on these skills. Phase II will also explore providing capacity training to partners in VR-AR technology and improve their capacities to design and implement training programs. supporting the NSSCs and employers in digitalising their workforces for greater efficiency and technology optimization such as using VR-AR technology in industries like chemicals or plastics to skill, re-skill, or upskill the workers. Phase II will also support improving the capacities of the NSSCs on designing and implementing WBL and RPL programs based on the pilots of Phase I and expanding this to more NSSCs and sectors. | F15: Pillar 1: EDUCATION AND LEARNING | G15: ILO | J15: 398657.38 | M15: =SUM(H15:L15) -> 398657.38 | N15: National wide | O15: 2024-2027 | P15: NSSCs , enterprises | Q15: Technical Vocational and Skills Development Commission (TVSDC) | S15: Access to socio-economic opportunities
A16: 1.1.4 | B16: Exploratory work towards a Public Private Partnership model for TVET in Jordan | C16: Aligned intervention | D16: MACP | E16: Public Private Partnerships (PPP) are recognized as an important means of establishing linkages between the private sector and government TVET providers in moving towards a more ‘demand-driven’ skills system. Through work-based learning (WBL), apprenticeship, or dual vocational training programs, PPP brings in the expertise, experience, and human resources of the private sector for the delivery of skills training services that are typically under the responsibility of the government. On the other hand, enterprises can access competent trainees, in addition to getting their existing workers trained on TVET pedagogy by the instructors of the TVET providers. On the basis of background research on international and regionally successful PPPs in TVET and knowledge exchange exercises, the ILO and IFC will collaborate with public TVET providers and private enterprises in Jordan to establish a PPP model that would be fit for purpose. This model should take into account the private sector's needs and requirements for a competent workforce in order to increase productivity and competitiveness, as well as to be aligned with the Jordan Economic Modernization Vision and the Government Executive Programme 2023-2025. Pilots of this model will be implemented to serve as showcases for the government to take into consideration in future interventions. These pilots will also leverage digital tools to improve skill development, as well as to develop modern educational facilities and operate them efficiently | F16: Pillar 1: EDUCATION AND LEARNING | G16: IFC, ILO | J16: 211002.38 | L16: 500000 | M16: =SUM(H16:L16) -> 711002.38 | N16: National wide | O16: 2024 -2027 | P16: Private and public sector TVET providers and Host and FDP communities with improved access to quality education/TVET services | Q16: TVSDC | R16: TBD | S16: Access to socio-economic opportunities
A17: 1.1.5 | B17: Private sector education / TVET - Blended Finance | C17: Aligned intervention | D17: MACP | E17: Leverage use of Prospects blended finance instrument to both help de-risk and increase financial viability of high impact projects in education, including in the TVET sector, benefiting FDPs and their host communities and increase development impact and reach. | F17: Pillar 1: EDUCATION AND LEARNING | G17: IFC, ILO | L17: 5000000 | M17: =SUM(H17:L17) -> 5000000 | N17: National Wide | O17: 2024 -2027 | P17: Host and FDP communities with improved access to quality education/TVET services | R17: TBD | S17: Access to socio-economic opportunities
A18: 1.3.1 | B18: Roll out competency based training for HCs and Syrian refugees, with a focus on green and digital sectors | C18: Aligned intervention | D18: MACP | E18: Building on skills and labour market diagnostics undertaken by PROSPECTS and complementary ILO and UNICEF projects, ILO and UNICEF will partner with TVSDC to develop and launch competency based trainings in emerging occupations that support a green and digital transformation of the economy (mainly UNICEF' interventions 1.7 & 1.8). This will target occupations that are accessible to both Syrian refugees and host community members, and have higher appeal to young people. This will be linked to work under pillar 2 on Job Search Clubs, which include a focus on the search for jobs in green sectors and occupations | F18: Pillar 1: EDUCATION AND LEARNING | G18: ILO, UNICEF | J18: 798657.38 | M18: =SUM(H18:L18) -> 798657.38 | N18: Amman, Zarqa, Marfraq, Irbid, and Balqa | O18: 2024-2027 | P18: HC & refugees | Q18: TVSDC, Public TVET providers | S18: Access to socio-economic opportunities
A19: 1.3.2 | B19: Expand work-based learning programs to target more HCs and Syrian refugees, with more engagement of private sector | C19: Aligned intervention | D19: MACP | E19: In Phase I, a model of WBL was implemented and benefited 350 job seekers from HC and refuges based on ILO principles and guidelines on WBL and apprenticeship. Phase II will support expanding WBL programs through additional pilots with the private sector, informing the development of a national framework for Work-Based Learning and apprenticeships. Phase II will build upon the partnerships and capacity-building efforts initiated in Phase I, collaborating with the NSSCs, chambers and implementing partners. Linking WBL to decent work, including social protection, will also be an area of focus. Efforts will be put in place with the Technical and Vocational Skills Development Commissions (TVSDC) for institutionalizing the WBL in Jordan through supporting the different pillars of WBL including training and certifying in-the-company trainers, accreditation of workplaces as training places, integrating youth rights at work and core skills for life and work in the WBL programs, establishing unified portfolio for designing and implementing WBL (program profiles, training plans, assessment tools, etc). ILO and UNICEF will investigate the possibility and practicality of using UNICEF's intervention on internship programmes (Intervention 1.9) as one of the pilots for the improved WBL system. | F19: Pillar 1: EDUCATION AND LEARNING | G19: ILO | J19: 1398657.4 | M19: =SUM(H19:L19) -> 1398657.4 | N19: Amman, Zarqa, Marfraq, Irbid, and Balqa | O19: 2024-2027 | P19: HC & refugees | Q19: TVSDC, Public TVET providers, NSSCs | S19: Access to socio-economic opportunities
A20: 1.3.4 | B20: Expand recognition of prior learning (RPL) to nationally accredit the skills and competencies of FDPs and HCs | C20: Aligned intervention | D20: MACP | E20: In Phase I, the ILO under the PROSPECTS partnership reached a key milestone in expanding RPL, where a national framework and implementation guide were developed for and endorsed by the TVSDC in addition to strengthening the RPL system for TVET in Jordan and building the national institutional capacities to implement inclusive RPL schemes. Prior to establishing the RPL framework, Phase I also implemented RPL programs for another 1,000 workers in construction sector. There is a need In Phase II, efforts will be put to standardize and pilot RPL under a new national system that will benefit more expand the RPL programs for more sectors and beneficiaries from HC and refugees in collaboration with the TVSDC, NSSCs, and TVET providers. UNICEF’s interventions on harmonization of TVET stakeholder and youth engagement (Interventions 1.3 & 1.4), and the UNHCR’s work on complementary pathways are of high potential to support the awareness and guidance on RPL among employers and job seekers (including Syrian refugees) as main building blocks of the endorsed RPL framework in Jordan. | F20: Pillar 1: EDUCATION AND LEARNING | G20: ILO, UNICEF, UNHCR | J20: 598657.38 | M20: =SUM(H20:L20) -> 598657.38 | N20: Amman, Zarqa, Marfraq, Irbid, and Balqa | O20: 2024-2027 | P20: HC & refugees | Q20: TVSDC, Public TVET providers, NSSCs | S20: Access to socio-economic opportunities
B21: Suppor refugee access to education | C21: Partner specific intervention | D21: MACP | E21: While education development donors adopted the one refugee approach and funded for the first-time non-Syrians learners' access to schools (fees and books), UNHCR will continue to support cash for education precisely for transportation to non-Syrians students since it is not included in donors support to avoid drop out among refugee children of other nationalities. | F21: Pillar 1: EDUCATION AND LEARNING | G21: UNHCR | M21: =SUM(H21:L21) -> 0
A22: 1.11 | B22: Jordan’s National School Feeding Program – Healthy Meals for Students | C22: Aligned intervention | D22: MACP | E22: This proposal focuses on the expansion and enhancement through innovation of Jordan’s National School Feeding Program (NSFP). It has 3 components: 1. Continuation of the Healthy Meal modality 2. Innovative Use of Traceability and 3. Provision of Technical Assistance to the Government to Ensure the Program’s Gradual Handover | F22: Pillar 1: EDUCATION AND LEARNING | G22: World Bank | K22: 4500000 | M22: =SUM(H22:L22) -> 4500000 | N22: 6 governorates in Jordan (Mafraq, Irbid, Madaba, Balqa, Karak and Tafeelah) including Zaatari and Azraq refugee camps | O22: 2024 - Dec 2025 | P22: 1. Vulnerable Jordanian and refugee students 2. Individuals working in preparing the meals | Q22: Ministry of Education, Ministry of Health, Ministry of Agriculture, Ministry of Social Development, Ministry of Planning | R22: WFP, Royal Health Awareness Society (RHAS) | S22: Access to basic services
A23: Pillar 2: ECONOMIC INCLUSION
A24: 2.1 | B24: Self-employment through entrepreneurship | C24: Aligned intervention | D24: MACP | E24: The proposed intervention will enhance the capacity of local organizations to offer and sustain technical and financial support to vulnerable young people, especially girls, to establish green and sustainable businesses that respond to local needs and that are integrated within local and international value chains. Through the latest innovations in agribusiness, including hydroponics, young people will receive theoretical and experimental learning opportunities that enable them to start, grow and sustain their enterprises. The aim is to increase local job opportunities in rural areas, expand local market inclusion, and expanding household economic security amongst targeted families. Efforts will be made in a multi-pronged manner to support refugees employment through the avaialble sectors as well as through home-based businesses and MSMEs. For refugees, the modality of work permit applied to most Syrians in Jordan is decoupled from an employer, thereby making the focus on the "self-employed," necessary for engaging with a large segment of the Syrian refugee work force. The added value of PROSPECT in this case, is to ensure that self-employment opportunities reach some of the most remote areas of the country, especially in the South, where levels of private sector development are very low, and few agencies are currently operating. In these areas, UNICEF is heavily present, strategically working through national partners that are rooted in and trusted by the local communities, including the most conservative ones. At the same time, responding to the need for localisation and creation of an enabling environment for vulnerable young people, UNICEF is building the capacity of these same partners, around delivering includive programmes and addressing the speciifc needs of the most vulnerable young people, especially young women, young refugees and young people with disability. Coordination with ILO and RDPP will also be pursued to share lessons learnt on localization in Jordan and consider possible future coordination | F24: Pillar 2: ECONOMIC INCLUSION | G24: UNICEF ILO WB UNHCR | H24: 1000000 | I24: 2380000 | J24: . | M24: =SUM(H24:L24) -> 3380000 | N24: All governorates | O24: 2024-2027 | P24: Refugees and Jordanian youth | Q24: Ministry of Youth, Ministry of Environment, Ministry of Agriculture | R24: ILO | S24: Access to socio-economic opportunities
A25: 2.1.2 | B25: Strengthen capacity of Ministry of Labour and national partners to monitor and follow-up with job seekers and placed workers | C25: Partner specific intervention | D25: MACP | E25: Career guidance and job matching services fall under the mandate of the Ministry of Labour. In Phase I of PROSPECTS, ILO and UNHCR both invested in career guidance both in terms of MOL capacity and the outreach of services to refugees. A complementary investment by the World Bank also operationalized a job search portal under MOL targeting Jordanians. There is a relatively strong process for identification of vacancies, referal of qualified job seekers and placements. Monitoring and following-up with job seekers and newly placed workers is, however weak. Using a number of tools, including tracer studies, ILO and partners will support the capacity of MOL and national partners to track the progress of job seekers and newly placed workers, and provide targeted support. While MOL employment services are directed to Jordanian host community workers, strengthened capacity on follow-up with job seekers will also engage other national entities, such as TVET training providers, where follow-up services are accessible for all. | F25: Pillar 2: ECONOMIC INCLUSION | G25: ILO | J25: 308657.38 | M25: =SUM(H25:L25) -> 308657.38 | N25: Nation wide | O25: 2024-2027 | P25: HC & refugees | Q25: MOL
A26: 2.1.3 | B26: Strengthen national labour market information systems (LMIS) to inform evidence based employmnt policies | C26: Aligned intervention | D26: MACP | E26: Labour Market Information Systems (LMIS) produce information and analysis for the development of evidence based labour market policies Jordan conducts routine labour force surveys and analysis, providing critical information on employment and decent work in the country. Making information available is a key priority to increase transparency and ground policy dialogue. The ILO will work together with the World Bank and the Department of Statistics to routinely publish summaries of labour market information. | F26: Pillar 2: ECONOMIC INCLUSION | G26: ILO, World Bank | J26: 0 | M26: =SUM(H26:L26) -> 0
A27: 2.1.3 | B27: Develop and pilot friendly and accessible methods of employment service delivery integrated into national systems | C27: Aligned intervention | D27: MACP | E27: In Phase I, ILO and the World Bank both supported Ministry of Labour to extend the outreach of employment services, whether through capacity building for employment service officers, or the addition of online modalities for delivery. ILO and World Bank will continue to support the delivery of employment services by introducing innovative methods to increase efficiency and effectiveness. This includes additional modules to the MOL online job matching platform and other digitial enablers that can be accessed by all workers, regardless of nationality or status. The ILO will also support the establishment of a national labour market information system (LMIS) to improve employment services and inform the analysis of labour market trends for evidence-based policy and decision making and job creation. | F27: Pillar 2: ECONOMIC INCLUSION | G27: ILO, UNHCR, WB | J27: 198657.38 | M27: =SUM(H27:L27) -> 198657.38 | N27: Nation wide | O27: 2024-2027 | P27: HC & refugees | Q27: MOL
A28: 2.1.5 | B28: Expand Job Search Clubs to other areas and sectors | C28: Collective intervention | D28: MACP | E28: Job Search Clubs were launched jointly between ILO and UNICEF in Phase I, providing over 1,400500 young people with peer-to-peer support and coaching throughout the job search process. The methodology was adapted to include a focus on jobs in occupations and sectors that support a just transition to a more sustainable and green economy. ILO and UNICEF will continue to work jointly with the Ministry of Youth, to expand the Clubs in phase II both geographically and by involving more institutions (including universities), while adapting the design of the clubs to offer multiple career pathways for young people, including referrals to market-relevant skills training (linkages with pillar 1), waged employment and to start their businesses in emerging sectors, especially in green and digital sectors. | F28: Pillar 2: ECONOMIC INCLUSION | G28: ILO, UNICEF | H28: TBD | J28: 698657.38 | M28: =SUM(H28:L28) -> 698657.38 | N28: All governotares and camps | O28: 2024 - 2026 | P28: SRY, JOR Youth Age group 18-26 | Q28: MOY | R28: TBD - VTC
A29: 2.1.6 | B29: Start Mashreq (Fully funded under Prospects 1.0) | C29: Partner specific intervention | D29: MACP | E29: Continue implementation of Start Mashreq. The initiative, and through partnership with Flat6Labs and new incubators / accelerators, will provide business support to high impact startups with potential to create jobs and facilitate private investments, with a focus on outreach to women, youth and FDPs. Ultimate goal is to build a pipeline of future, investment-ready entrepreneurs, and help startups generate follow-on financing by startups. This will be done through education, incubation, and acceleration support to startups and entrepreneurs using virtual (StartMashreq Platform) and face-to-face activities. | F29: Pillar 2: ECONOMIC INCLUSION | G29: IFC, leveraging support from ILO, UNICEF, UNHCR | L29: 2118000 | M29: =SUM(H29:L29) -> 2118000 | N29: Jordan with focus on Amman, Irbid and Zarqa | O29: 2024-2025 | P29: Entrepreneurs, including from FDP communities, and startups at ideation/pre-seed and seed stage | Q29: MoDEE (Ministry of Digital Economy and Entrepreneurship) | R29: Flat6Labs Amam Ventures | S29: Access to socio-economic opportunities
A30: 2.2 | B30: Skills for creative economy employment | C30: Aligned intervention | D30: MACP | E30: The proposed intervention aims to increase the breadth and depth of digitally enabled employment opportunities in the creative and gig economies while capitalizing on new innovations in technology for vulnerable young people, especially girls. | F30: Pillar 2: ECONOMIC INCLUSION | G30: UNICEF UNICEF ILO WB | H30: 1000000 | M30: =SUM(H30:L30) -> 1000000 | N30: All governorates | O30: 2024-2027 | P30: Refugees and Jordanian youth | Q30: Ministry of Digital Economy and Entrepreneurship | R30: ILO, UNHCR, WB | S30: Access to socio-economic opportunities
A31: 2.3 | B31: Developing entrepreneurship mindset through experiential learning | C31: Partner specific intervention | D31: MACP | E31: The proposed intervention aims to increase the capacity of formal and nonformal training providers to execute well researched experiential learning approaches that nurture entrepreneurial mindset with an emphasis on climate and WASH amongst vulnerable young people, especially girls. Under pillar 2, trainers will identify high performers that will be provided with more advanced entrepreneurship training and business coaching. These efforts will be further mainstreamed in Ministry of Youth (MOY) centers for sustainability and institutionalizing the programme across MoY incubators. | F31: Pillar 2: ECONOMIC INCLUSION | G31: UNICEF | H31: 1000000 | M31: =SUM(H31:L31) -> 1000000 | N31: All governorates | O31: 2024-2027 | P31: Refugees and Jordanian youth | Q31: Ministry of Youth | R31: ILO, UNHCR, WB | S31: Access to socio-economic opportunities
A32: 2.4 | B32: Evidenced based advocacy for policy change | C32: Aligned intervention | D32: MACP | E32: This proposed intervention will increase the utility of well researched evidence to mobilize a diverse range of actions to address labor market opportunities and threats that addresses underemployment of young people, especially girls (including exploitative child labor) in both public and private sectors. Data analysis based on UNHCR-WFP skills mapping will be conducted in collaboration with the WB. | F32: Pillar 2: ECONOMIC INCLUSION | G32: UNICEF ILO WB UNHCR | H32: 100000 | M32: =SUM(H32:L32) -> 100000 | N32: All governorates | O32: 2024-2027 | P32: Refugees and Jordanian youth | S32: Access to socio-economic opportunities
A33: 2.5 | B33: Advisory Services/ Irbid Municipality Fresh Market | C33: Collective intervention | D33: MACP | E33: IFC is exploring the possibility to support the Greater Irbid Municipality, through both Prospects Blended Finance and Advisory Services, to implement the first phase of the new Irbid Central Market for Vegetables and Fruits. The Municipality intends to relocate and expand the market from the current congested city center to a new, larger location, and adjacent to major international highways/trade routes. IFC plans to help finance the construction of wholesale shops of the new market, central refrigerators and administrative buildings as well as the access roads, utility networks and other supporting infrastructure. The proposed investment will be coupled with advisory services provided by IFC to, amongst others : (i) support with governance and E&S capacity building; and (ii) evaluate the opportunity to increase the energy efficiency of the market and to move from fossil fuel sources of energy (diesel generators currently used for cooling) to renewable energy sources, (iii) support the integration of the FDP community as part of the value chain of the new market. The proposed Project is expected to create jobs – for both host and FDP communities, improve green infrastructure and reduce congestion in Irbid , support agricultural trade and improve connectivity. | F33: Pillar 2: ECONOMIC INCLUSION | G33: IFC, leveraging support from UNHCR | L33: 900000 | M33: =SUM(H33:L33) -> 900000 | N33: Irbid Municipality | O33: 2024-2027 | P33: Youth, women, FDP in value chains and working force | Q33: MOPIC, Irbid Municipality | R33: TBD | S33: Access to socio-economic opportunities
A34: 2.5.1 | B34: Blended Finance Support/ Irbid Municipality Fresh Market | C34: Aligned intervention | D34: MACP | E34: IFC is exploring the possibility to support the Greater Irbid Municipality, through Prospects Blended Finance to implement the first phase of the new Irbid Central Market for Vegetables and Fruits. Concessional finance is key to improve the borrowing ability of the municipality under this project. | F34: Pillar 2: ECONOMIC INCLUSION | G34: IFC, WB, UNHCR | L34: 5000000 | M34: =SUM(H34:L34) -> 5000000 | N34: Irbid Municipality | O34: 2024-2027 | P34: Youth, women, FDP in value chains and working force | Q34: MOPIC, Irbid Municipality | R34: TBD | S34: Access to socio-economic opportunities
A35: 2.6 | B35: Manufacturing | C35: Partner specific intervention | D35: MACP | E35: IFC is exploring private sector partnership possibilities in key priority manufacturing sectors to support Jordan' Economic Moderization vision by helping attract new investment and export growth, create supportive conditions for vertical integration and help increase training and participation in supporting value chains and of workers, especially youth, women and FDPs. Key priority sectors include textiles, pharmaceuticals. | F35: Pillar 2: ECONOMIC INCLUSION | G35: IFC | L35: 400000 | M35: =SUM(H35:L35) -> 400000 | N35: Jordan, nation wide | O35: 2024-2027 | P35: Youth, women, FDP in value chains and working force | Q35: TBD | R35: TBD | S35: Access to socio-economic opportunities
A36: 2.7 | B36: Analytical work | C36: Aligned intervention | D36: MACP | E36: In support of the Economic Inclusion pillar, IFC aims to conduct jointly with other partners analytical work pertaining to key issues, such as labor intergration, market skills needs and FDP skills assessments in key geographical areas defined by size of FDP population and proximity to sizeable businesses and economic development areas. The goal is to improve absorption of FDPs by the market by matching available FDP skills with market skills needs. | F36: Pillar 2: ECONOMIC INCLUSION | G36: IFC with UNHCR and other Partners | L36: 420000 | M36: =SUM(H36:L36) -> 420000 | N36: Jordan, nationwide | O36: 2024-2027 | P36: Youth, women, FDPs to improve access to emplolyment opportunities | Q36: TBD | R36: TBD | S36: Access to socio-economic opportunities
A37: 2.2.1 | B37: Pilot an EIIP approach to green work initiatives water management, with a focus on agriculture | C37: Collective intervention | D37: MACP | E37: Water scarcity is a critical issue facing Jordan. Enhancing irrigation water availability for farmers, harvesting and saving water resources, soil conservation, maintenance and improvement of irrigation channels, and agriculture land reclamation are all important measures to ensure the ability to sustainably produce and consume in the medium and long term. Building on ILO's focus in phase I on the agriculture sector and leveraging its knowedge and expertise in implementing labour-based technologies through EIIP interventions in many countries around the world, including in Jordan, ILO under PROSPECTS Phase II will support complementary work in the country with focus on irrigation water use efficiency methods, soil conservation, and promote green works initiatives using an EIIP approach. These interventions will have two-fold objectives: i) to enhance water management in agricultural production; and ii) support short-term employment opportunities for Jordanians and Syrian refugees in the targeted areas through applying employment-intensive approaches. This aligns with the third results area of the Netherlands Multi Annual Country Strategy 2023 to 2026, namely under the priority on water for climate smart agriculture. The design of the interventions will be informed by the medium term impact of a number of EIIP irrigation works constructed under a Norway supported ILO project concluded in 2019 and will complement and build on the results of other ongoing ILO EIIP interventions being implemented in the agricuture and irrigation sectors, including under the flagship KFW funded project. The design will also entail further consultations with the World Bank to complement interventions under the Programme for Results. The consultation will also include support enhancing occupational safety and health and addressing child labour in the sector which was intitaited in second half of 2023. Phase II will investigate the optimal model for Jordan to connect the EIIP and skills pillars based on the work started in Phase I in Iraq. The EIIP activities might be used as post-training support for job placement and employment opportunities for graduates of the skills training programmes, or skills training such as vocational training and work-based learning (WBL) could be integrated into the EIIP activities. | F37: Pillar 2: ECONOMIC INCLUSION | G37: ILO, World Bank | J37: 2386860.4 | M37: =SUM(H37:L37) -> 2386860.4 | N37: Nation wide | O37: 2024 - 2027 | P37: HC & refugees | Q37: MOA, JCC, MOL
A38: 2.3.1 | B38: Provide institutional capacity building and support for implementation of the National Cooperative Strategy in line with international standards and ILO's Recommendation 193. | C38: Aligned intervention | D38: MACP | E38: In Phase I, ILO invested in the support to the development of the National Cooperatives Strategy and the implementation of some of its recommendations, including the amendments to the Cooperatives Law and capacity building to the Jordan Cooperative Corporation (JCC) and other NGO entities supporting cooperatives and their members. In Phase II, ILO will continue providing technical support to the legislative amendments, capacity building of JCC to digitize some of their services and be better equipped to train cooperatives on ILO cooperatives development and mangement tools, and advocating for making cooperatives play a more prominent role in promoting local socio-economic development and decent work for Jordanians and Syrian refugees. ILO will continue to build on the capacity of national and international organizations that have also been trained on its tools, in order to support a more reslient cooperative movement in Jordan. | F38: Pillar 2: ECONOMIC INCLUSION | G38: ILO, World Bank | J38: 198657.38 | M38: =SUM(H38:L38) -> 198657.38 | N38: Nation wide | O38: 2024 - 2027 | Q38: MOA, JCC, ecocnomic and scoial council
A39: 2.3.2 | B39: Support MSMEs to increase productivity and job creation potential, and improve working conditions | C39: Aligned intervention | D39: MACP | E39: Building on a strong partnership with the Jordan Chamber of Industry, ILO will help expand national partners to Chamber's support to MSMEs with a view to target increased productivity job creation, and working conditions. Informed by ILO studies conducted through the Jordan Chamber of Industry (JCI) JCI study on productivity conducted with ILO's techincal support in 2022/2023, interventions in phase 2 will include a mix of capacity building support to national partners, including JCI and other employers' organizations representatives on ILO tools, fostering triparite social dialogue at the sectoral level on means to enhance productivity, as well as direct technical and financial support to new and existing MSMEs in selected sectors, including on the application of ILO tools (such as Start and Improve Your Business and SCORE) and skills improvement (linkages with pillar 1). ILO and UNICEF will investigate the possibility to include young people, especially girls, to establish green and sustainable businesses (UNICEF 2.1). Support will also address challenges related to market access (domestic, regional and international markets). A number of criteria will be defined in the selection of the sector in terms of sectors with high contribution to GDP/with potentail for increased contribution to GDP, potential for increased job creation, including for youth, where Syrian refugees currently work, decent work deficits, and skills gaps. | F39: Pillar 2: ECONOMIC INCLUSION | G39: ILO | J39: 549723.34 | M39: =SUM(H39:L39) -> 549723.34 | N39: Project governorates | O39: 2024 - 2027 | P39: MSMEs | R39: JCI TBD - Gov. Chambers
A40: 2.3.3 | B40: Provide technical support and enhance access to finance for cooperatives, MSMEs and social enterprise initatives in selected sectors. | C40: Aligned intervention | D40: MACP | E40: Building on Phase I initatives to support local productivity and decent work in the agricuture sector and related value chains, this intervention will provide technical and financial support to local initatives that respond to social issues and local needs across specific value chains in the sector. Following sensitization and training on the concept of the Social Solidarity Economy and the ILO cooperatives principles and tools, and competitive selection, ILO will support the development and implementation of local initiatives, including climate smart agriculture initiatives that aim to promote livelihoods and employment opportunities for Jordanians and Syrian refugees in the tageted geographic areas and have a positive social impact on the community as a whole. ILO and UNICEF will support cooperatives, including those established by youth, with initiatives to establish green and sustainable businesses (UNICEF 2.1) | F40: Pillar 2: ECONOMIC INCLUSION | G40: ILO, UNICEF | J40: 1198657.4 | M40: =SUM(H40:L40) -> 1198657.4 | N40: Nation wide | O40: 2024 - 2027 | Q40: MOA,JCC, ACC, NARC
A41: 2.3.4 | B41: Improved access to finance | C41: Partner specific intervention | D41: MACP | E41: IFC is assessing opportunities to partner with eligible private sector banking and non banking financial institutions, including microfinance institutions, to help improve access to financial services for vulnerable groups including youth, women and FDPs - if and only if, these entities are willing to serve this segment- . IFC would aim to support existing lending operations, support expansion, help introduce relevant new financial products, provide comprehensive financial services on a commercially sustainable basis for low income youth, women, FDPs as well as provide relevant financial literacy training and reach greater scale. | F41: Pillar 2: ECONOMIC INCLUSION | G41: IFC | L41: 600000 | M41: =SUM(H41:L41) -> 600000 | N41: Jordan, nationwide | O41: 2025-2027 | P41: Youth, women, FDPs to improve access to financial services | Q41: TBD | R41: TBD | S41: Access to socio-economic opportunities
A42: 2.4.1 | B42: Technical guidance and support to promote labour protection for all workers through better alignment of relevant national legislation with international labour standards | C42: Partner specific intervention | D42: MACP | E42: ILO will continue to review national legislation and policies to improve alignement with international standards. This includes review of the labour law, associated bylaws and other relevant legislation. In light of the addition of Occupational Safety and Health as a ninth area of ILO Fundamental Principles and Rights at Work, ILO will work with its tripartite constituents and PROSPECTS partners, to advocate for Jordan's ratification of relevant ILO conventions OSH Conventions 155 and 187. Ratification will hold the Government accountable for OSH provisions and be subject to a systematic review process under the Committee of Experts on the Ratification of Conventions and Recommendations. | F42: Pillar 2: ECONOMIC INCLUSION | G42: ILO | J42: 298657.38 | M42: =SUM(H42:L42) -> 298657.38 | N42: Nation wide | O42: 2024 - 2027 | Q42: MOL | R42: Social partners
A43: 2.4.2 | B43: Launch social dialogue on decent work in the digital economy | C43: Partner specific intervention | D43: MACP | E43: New forms of work in the online and digital economy can be an enabler of employment for both refugee and host community members. Ensuring labour regulations apply to new forms of work is also critical to ensure the employment that is created is also decent. In light of discussion on the expansion of employment in the digitial economy, ILO will launch dialogue on decent work with its tripartite constiuents and key stakeholders. | F43: Pillar 2: ECONOMIC INCLUSION | G43: ILO | J43: 148657.38 | M43: =SUM(H43:L43) -> 148657.38 | N43: Nation wide | O43: 2024 - 2027 | Q43: MOL, MOODEE | R43: GFJTU, JCI
A44: 2.4.3 | B44: Increased representation of vulnerable workers in trade unions | C44: Partner specific intervention | D44: MACP | E44: In Phase I of PROSPECTS, ILO worked closely with agriculture workers and the General Federation of Jordanian Trade Unions on the unionizatoin of the workforce after adoption of the 2021 Agriculture Workers Bylaw. Temporarily under the General Trade Union of Water, Agriculture and Food Industry, investments still need to be made to ensure the representation of the agriculture workforce on a national level. This includes capacity building for worker representatives, adocacy to extend full member rights to non-nationals (including refugees), and support the GFJTU. | F44: Pillar 2: ECONOMIC INCLUSION | G44: ILO | J44: 248657.38 | M44: =SUM(H44:L44) -> 248657.38 | N44: National wide | O44: 2024-2027 | Q44: MOL, | R44: Social partners, GFJTU
A45: 2.4.4 | B45: Improved capacity of partner institutions to promote and engage on rights at work for refugees, and Host communities | C45: Partner specific intervention | D45: MACP | E45: Building on work across pillars in Phase I to enable both national institutions, as well as implementing partners, to raise awareness amongst the target community on their rights at work, this intervention will streamline capacity building efforts using digital training tools and manuals on rights at work. This will include capacity building for TVET providers, line ministeries, national social protection institutions, cooperatives, INGOs and social partners. | F45: Pillar 2: ECONOMIC INCLUSION | G45: ILO | M45: =SUM(H45:L45) -> 0 | N45: National | O45: 2024-2027 | P45: National institutions, social partners, implementing partners, INGOs | Q45: MOL | S45: Access to socio-economic opportunities
A46: Pillar 3: PROTECTION AND SOCIAL PROTECTION
A47: 3.1 | B47: Strengthen the social protection policy environment through evidence generation, capacity building, advocacy and cross-nexus sectoral partnerships for rights-based approaches | C47: Collective intervention | D47: MACP | E47: Within the context of UNICEF's leading role in the development and update of the National Social Protection Strategy, and with ILO’s support, further efforts will be implemented to strengthen policy-making processes through generating evidence on the impact of social protection interventions and analysing public expenditure for more effective social protection fiscal space utilisation targeting vulnerable groups (older persons, persons with disabilities, youth and children). This will include UNICEF assessment of human capital gains and social cohesion of Cash Plus interventions for Jordanian and refugee children as well as costing the implementation of a national Cash Plus model which includes projection of the economic benefits on gender responsive approaches to children and youth's wellbeing and improved livelihoods. A structured approach to HDP nexus coordination in Social Protection will be also be explored through dialogue facilitation and capacity building, drawing from good practices in the region. Engagement of humanitarian and development actors for inclusive (contributory and non-contributory) social protection approaches will leverage the TRANSFORM-MENA interagency capacity building programme, including adaptation of its content. ILO will also support assessment and adoption of standards for design and implementation of cash assistance programs in line with human-rights standards. | F47: Pillar 3: PROTECTION AND SOCIAL PROTECTION | G47: UNICEF UNHCR ILO World Bank | H47: 100000 | J47: 336882.38 | M47: =SUM(H47:L47) -> 436882.38 | N47: All governorates | O47: 2024-2027 | P47: Social protection practitioners and policy makers | Q47: Ministry of Social Development SSC | S47: Access to basic services
A48: 3.2 | B48: Implement the national social protection strategy through System strengthening interventions to develop and operationalize an integrated and right-based social protection system, with a focus on institutionalizing an inclusive national Cash Plus model Contribute to strengthen the offer of social protection integrated services through the institutionalization of an inclusive cash plus model within the National Social Protection Strategy | C48: Aligned intervention | D48: MACP | E48: It is recognized globally that cash alone cannot alleviate non-economic vulnerabilities while cash plus model enables augmenting the benefit of cash by linking cash assistance with other complementary social protection services which target the whole of households. Despite the recent efforts, there currently isn't a systemized operation of national cash plus model in Jordan. Under the framework of the UNICEF-support to the development implementation of the national social protection strategy, technical support will be provided to the national stakeholders to develop, insitutionalize and implement an inclusive cash plus model social protection services, leveraging best practices of Nexus programing such as the NAF's Takaful Plus initiative, which links beneficiaries of national cash assistance programme to the integrated Makani programme approach, in close collaboration with Social Protection leading orgnizations/partners such as ILO, UNHCR and the Worldbank. The intervention also supports the long-term Makani sustainabilty strategy which aims at strengthining the capacities for the national system to manage and deliver comprehinsive social protection programmes. The intervention will provide technical support to develop and operationalize a national gender responsive child and youth focused cash plus intervention. More specifically, the intervention will help build capacity among the national stakeholders including staff at the National Aid Fund, and strengthen required mechanisms to operationalize an inclusive national cash plus model. Integrating cash plus into national social protection systems links humanitarian relief with longer-term and second-order impact development goals, fostering inclusive and socially cohesive social services. | F48: Pillar 3: PROTECTION AND SOCIAL PROTECTION | G48: UNICEF World Bank | H48: 417000 | M48: =SUM(H48:L48) -> 417000 | N48: All governorates | O48: 2024-2027 | P48: National social protection stakeholders | Q48: National Aid Fund, Ministry of Social Development | S48: Access to basic services
A49: 3.3 | B49: UNICEF-led child- and youth-focused Cash Plus Grant programme (child Hajati, child cash plus programme) to support most vulnerable households with focus on FDPs | C49: Aligned intervention | D49: MACP | E49: The intervention will provide vulnerable children and adolescents regardless of nationality with the Hajati equity driven Cash Plus assistance programme to support school participation and wellbeing. UNICEF uses a child-sensitive multidimensional targeting methodology to identify eligible beneficiaries for the Hajati programme. The targeting methodology employs 16 vulnerability detection indicators across five sectors to assess vulnerability at the household and child level and, after that, assigns each family a vulnerability score, which is used to prioritise eligibility for the Hajati programme. To augment the benefit of cash, through Cash Plus model, the intervention aims to link vulnerable children and adolescents with Makani’s integrated package of services including gender responsive protection, life skills and learning support services. The vulnerability-based appraoch also helps strengthen the social cohesion between refugees and local population by increasing support to children and youth from all nationalities. | F49: Pillar 3: PROTECTION AND SOCIAL PROTECTION | G49: UNICEF | H49: 2641616 | M49: =SUM(H49:L49) -> 2641616 | N49: All governorates | O49: 2024-2027 | P49: Refugees and Jordanian children and youth | Q49: National Aid Fund, Ministry of Social Development | S49: Access to basic services
A50: 3.4 | B50: Policy, advocacy, and legal reform | C50: Collective intervention | D50: MACP | E50: Between 2019 and 2023, UNICEF provided supported to the National Council for Family Affairs (NCFA), which resulted in the development developing and endorsement endorsing of the child’s draft law. The law recoginzes the rights of all children in Jordan including refugee children. A roadmap is also being created with UNICEF support to help NCFA in overseeing the enforcement of the law, a responsibility entrusted to them as designated focal point and to assist the concerned government institutions in achieving the specific actions required for children, including refugees, to reach their full potential. Through this programme, UNICEF will support the NCFA and the National Team for Protection in overseeing the enactment of the Child Rights Law through the adoption and the implementation of the developed roadmap for its execution implementation. UNICEF will work closely on this with the National Child Rights Law Committee that was formed by NCFA in 2023 to oversee the implementation of the Law.The provision of the law also seeks to ensure non-discrimination between Jordanian and non-Jordanian children incluing refigees residing in Jordan and promote the child's right to proper protection, health and nutrition, education, insurance, a clean environment, and places for play and entertainment. It prevents all forms of violence, abuse, neglect, and exploitation of children and promotes parents’ commitment by detailing the procedures for obligating parents to this role and not abandoning their parental responsibilities towards the child. UNICEF will also support NCFA, who has been appointed as the focal point to coordinate Jordan’s engagement with the Pathfinding global initiative, to develop and implement a costed, multi-sectoral, gender-responsive and disability-inclusive action plan and monitoring and evaluation framework for ending violence against children and women. The plan will address the protection related issues for all children and women in Jordan incluing refugees. The work will be coordinated with concerned governmental and non-government national and internal institutions, ILO, UNFPA, UNHCR, WHO and in consultation with children, youth, men and women. The plan will define the key priorities for the coming five years (2024-2029) for response and prevention of violence against women and children including a focus on the social behaviour change approach. The plan will also define the roles and responsibilities of different concerned stakeholders within the different sectors, i.e., social welfare, justice, health, police, education, as well as media and the private sector in addressing child and women protecion risks. | F50: Pillar 3: PROTECTION AND SOCIAL PROTECTION | G50: UNICEF UNICEF ILO UNHCR | H50: 562480 | M50: =SUM(H50:L50) -> 562480 | N50: All governorates | O50: 2024-2027 | P50: All children in Jordan All children and women in Jordan at risk or suvivors of violence. | Q50: The National Council for Family Affairs, The memebers of the National Team for Protecion | R50: UNFPA,UNHCR,ILO,WHO,UNWOMEN | S50: Access to basic services
A51: 3.5 | B51: Coordination and information management | C51: Aligned intervention | D51: MACP | E51: UNICEF continued to support The Family Violence Tracking System (FVTS) the Tacking System for Family Violence (TSFV)(automated case management system for family and sexual violence cases against all women and children in Jordan incluing refugees) as part of its collaboration with the government. Throughout 2023, UNICEF has been supporting NCFA with the pilot phase of FVTS TSFV, monitoring the implementation of the system in the field, addressing challenges, and gathering feedback for future expansion plan. Through this programme, UNICEF will provide support to NCFA and concerned partners for the implementation of the expansion plan. The system will support the coordination between all concerned stakeholders (governmental and non-governmental institutions including MOSD, MOH, MOE, FPJD, JRF) to deliver multisectoral comprehensive response services as well as provide national detailed disaggregated data on women and child protection. The data will be used by the Government and concerned parties for policy, planning and monitoring of programmes. UNICEF will collaborate with ILO, NCFA, MOL, National Child labour task force and UNICEF Headquarters to update and broaden the scope of the system by integrating child labor cases within the FVTS TSFV. | F51: Pillar 3: PROTECTION AND SOCIAL PROTECTION | G51: UNICEF | H51: 562480 | J51: 0 | M51: =SUM(H51:L51) -> 562480 | N51: All governorates | O51: 2024-2027 | P51: All children and women in Jordan at risk or suvivors of violence. | Q51: The National Council for Family Affairs, Ministry of Health,Ministry of Education,Minstry of Social Development,FPJD | R51: JRF,IFH,UNHCR,ILO | S51: Access to basic services
A52: 3.6 | B52: Case management system strengthening and continuum of services | C52: Aligned intervention | D52: MACP | E52: Through its partners, UNICEF will deliver disability-inclusive, gender-responsive, quality multisectoral child protection and GBV case management services (access to justice, mental health and psychosocial support (MHPSS), alternative care, child marriage, child labour, violence in schools, homes, and online). This support will provide in host communities and camps. | F52: Pillar 3: PROTECTION AND SOCIAL PROTECTION | G52: UNICEF | H52: 2030816 | J52: 0 | M52: =SUM(H52:L52) -> 2030816 | N52: Four Governorates | O52: 2024-2027 | P52: Jordanian and Refugee Children and women suvivors or at risk of CP and GBV concerns | Q52: Ministry of Health,Ministry of Education,Minstry of Social Development,FPJD | R52: JRF,IFH | S52: Access to basic services
A53: 3.7 | B53: Improving capacity of child protection workforce | C53: Aligned intervention | D53: MACP | E53: UNICEF will provide child protection service providers including educators, health service providers, social workers, and justice professionals with gender-responsive capacity building opportunities to increase their skills, knowledge, and capacity to implement integrated quality child protection services to most vulnerable boys, girls and women with focus on child protection and gender based violence case management, violence against children and women, child-friendly justice procedures, and child protection approaches and standards. | F53: Pillar 3: PROTECTION AND SOCIAL PROTECTION | G53: UNICEF | H53: 698468 | M53: =SUM(H53:L53) -> 698468 | N53: All governorates | O53: 2024-2027 | P53: Social service workforce and CP service providers incluing MOE educators, MOH health service providers, MOSD social workers, and FPJD justice professionals | Q53: Ministry of Health,Ministry of Education,Minstry of Social Development,FPJD | S53: Access to basic services
A54: 3.8 | B54: Community engagement and child participation | C54: Aligned intervention | D54: MACP | E54: UNICEF will strengthen community-based child protection with inclusive participation of the community, religious leaders, youth, adolescents, and children for prevention of all forms of child protection. UNICEF will empower caregivers/parents, including both females and males, to understand child protection risks and promote nurturing care and non-violent disciplining. UNICEF will also support the development and implementation of gender-responsive and disability-inclusive community-based MHPSS programmes for children. | F54: Pillar 3: PROTECTION AND SOCIAL PROTECTION | G54: UNICEF | H54: 883680 | M54: =SUM(H54:L54) -> 883680 | N54: Four Governorates | O54: 2024-2027 | P54: Children, parents, community and religious leaders | Q54: Ministry of Education,Minstry of Social Development,FPJD,IFH,JRF | R54: JRF,IFH | S54: Access to basic services
A55: 3.1.1 | B55: Enhance evidence based policy advice for the extension of social security to vulnerable workers (including refugees) and transition from cash assistance to employment-related social insurance. | C55: Collective intervention | D55: MACP | E55: In Phase I, the ILO, both independently and in collaboration with the World Bank, initiated research and dialogues on expanding social insurance coverage for vulnerable workers including refugees. The ILO will extend its support to establishing a robust evidence base to inform the sustainability and institutionalization of the Estidama++ initiative. Central to this effort is the incorporation of informal workers' input into policy discussions. Lessons learned will be shared with other PROSPECTS countries interested in adopting a social security expansion model that includes refugees. The ILO and the World Bank will also continue their joint research efforts and offer recommendations to the national Social Security Corporation on sustainable methods for extending coverage. Furthermore, the ILO will support national dialogue on integration/transitioning from social assistance to social insurance for both host communities and refugees. This will involve enhancing coordination between the Social Security Corporation, National Aid Fund, and humanitarian partners in terms of policy and operational frameworks. | F55: Pillar 3: PROTECTION AND SOCIAL PROTECTION | G55: ILO, World Bank | J55: 248657.38 | M55: =SUM(H55:L55) -> 248657.38 | N55: National wide | O55: 2024-2027 | P55: All workers (or pepole at working age 16-65) regardless of their type of contact with a specaial focus on Syrian Refugees and Women | Q55: Social Security Corporation (SSC)
A56: 3.2.1 | B56: Integrated support in addressing the root causes of child labour | C56: Collective intervention | D56: MACP | E56: Child labour is often employed as a negative coping strategy for refugee and host community families struggling to make ends meet. In Phase I, ILO and UNICEF supported local case management and capacity to address root causes of child labour with a focus on the agricture sector. ILO will continue to work with UNICEF on both capacity building of natiocal stakeholders to address child labour and targeted support and referal for the families of child labourers, so that they can improve their economic situation and lessen their need to resort to child labour. Specific sectors will be targeted. | F56: Pillar 3: PROTECTION AND SOCIAL PROTECTION | G56: ILO, UNICEF | J56: 1377559 | M56: =SUM(H56:L56) -> 1377559 | N56: Project governorates | O56: 2024-2027 | P56: workin or at risk children and caregivers | Q56: MOL, MOSD, MOE, NCFA | R56: CBOs
A57: 3.4.1 | B57: Outreach and sensitization on social security rights and entitlements, with a focus on refugee and informal workers | C57: Collective intervention | D57: MACP | E57: In Phase I, ILO and UNHCR collaborated through the Opportunity Fund to raise awareness among refugee communities about social protection concepts. We also implemented a support program aimed at facilitating their integration into the comprehensive social security system, Estidama++. In Phase II, this partnership between ILO and UNHCR will continue. The partners' joint efforts will focus on ensuring that all categories of workers receive accurate information and have access to effective communication networks. This will involve conducting outreach activities through both face-to-face sessions and social media platforms. Leveraging the existing infrastructure of the SSC Media Centre, the communication efforts will be designed to ensure that messages are easily comprehensible and tailored to the specific needs of the target groups leveraging the gained experience from the work with Nudge Lebanon on what information package works best in which context. | F57: Pillar 3: PROTECTION AND SOCIAL PROTECTION | G57: ILO, UNHCR | J57: 470675.38 | M57: =SUM(H57:L57) -> 470675.38 | N57: National wide with focus on TVET providers in Amman, Balqa, and North | O57: 2024-2027 | P57: All workers (or pepole at working age 16-65) regardless of their type of contact with a specaial focus on Syrian Refugees and Women | Q57: Social Security Corporation (SSC) | R57: Workers and Employers associations + MOL
A58: 3.4.2 | B58: Sustainable expansion of social protection to reach Estidama ++ refugee and host community workers | C58: Aligned intervention | D58: MACP | E58: As mentioned in the sensitization intervention, ILO and UNHCR joined efforts under the Opportunity Fund of Phase I to support workers registration to social security system through Estidama++ by providing contribution subsidy, coverage reward (means of income) and increase their awareness about the social security rights and benefits. In Phase II, ILO will make efforts to ensure the sustainability of registration of those workers through contribution subsidies, their transition to the full social security scheme after the support of Estidama++ ends. | F58: Pillar 3: PROTECTION AND SOCIAL PROTECTION | G58: ILO | J58: 670675.38 | M58: =SUM(H58:L58) -> 670675.38 | N58: Nation wide | O58: 2024-2027 | P58: All workers (or pepole at working age 16-65) regardless of their type of contact with a specaial focus on Syrian Refugees and Women | Q58: Social Security Corporation (SSC) | R58: Workers and Employers associations + MOL
A59: 3.9 | B59: Refugee continous registration | C59: Partner specific intervention | D59: MACP | E59: Considering the importance registration data plays for planning the humanitarian response and for nexus to development, UNHCR will continue playing its catalytic role through data sharing modalities with Government, implementing and operational partners, in compliance with its Data Protection Policy. Within the context of reduced funding for the entire humanitarian sector, UNHCR registration data and documentation will facilitate targeting and assistance delivery minimizing duplication and ensuring the highest integrity. Continuous registration, as prioritized activity, will continue aiming to enhance data quality and integrity. Further staffing reductions may result in accumulation of document renewal backlog, and outdated data that will affect entire humanitarian / development response. Due to reduced staffing levels UNHCR will have to deprioritize proactive identification of persons of concern with disabilities through utilization of Washington Group Questions (WGQ) and continue recording only “visible” disabilities validated through WGQ. Thus, many persons with disabilities may not be identified and their needs may not be met. UNHCR will continue partnering with Academia and World Bank in the realm of data analysis and longitudinal studies to inform policy and long-term strategy development. | F59: Pillar 3: PROTECTION AND SOCIAL PROTECTION | G59: UNHCR | I59: 10880000 | M59: =SUM(H59:L59) -> 10880000
A60: 3.1 | B60: Coordinate refugee GBV assistance | C60: Partner specific intervention | D60: MACP | E60: UNHCR will ensure that survivors have safe and meaningful access to specialized GBV services, including quality case management services, access to healthcare, security, justice, mental health and psychosocial support, and livelihoods programming implemented in a survivor-centered and confidential manner. GBV prevention and mitigation programming: UNHCR will implement programs including the empowerment projects intended to mitigate and prevent GBV through initiatives that promote gender equality and challenge harmful social norms and behaviors. | F60: Pillar 3: PROTECTION AND SOCIAL PROTECTION | G60: UNHCR | I60: 1700000 | M60: =SUM(H60:L60) -> 1700000
A61: 3.11 | B61: Operationalizing responsibility sharing through the Jordan Response Program | C61: Aligned intervention | D61: MACP | E61: The activity has been developed at the request of the Government of Jordan and designed jointly with the Ministry of Planning and International Cooperation (MOPIC) to strengthen their technical and analytical capacity to: i) support to MOPIC during the implementation of the Jordan Response Plan (2024 - 2027); (ii) address the information and data gap on the situation with Syrian refugees in Jordan through through analytics centered on a Refugee Learning Lab; and (iii) provide technical and capacity support to MOPIC to engage in policy dialogue with all stakeholders and strengthening the inclusion of refugees in Bank operations. | F61: Pillar 3: PROTECTION AND SOCIAL PROTECTION | G61: WB UNHCR | K61: 1500000 | M61: =SUM(H61:L61) -> 1500000 | N61: Jordan | O61: 2024-June 2027 | P61: Syrian refugees in and out of camps and host communities | Q61: Ministry of Planning and International Cooperation (MOPIC) | R61: None at this time. This may change as the project develops. | S61: Access to rights
B62: Innovative and sustainable policy solutions to fill social health protection gap for refugees and host communities through national social health protection systems | C62: Aligned intervention | D62: MACP | E62: The intervention will support analysis, policy dialogue, national consultations and design of inclusive child benefits package. The intervention will support SSC to assess, develop and test new approaches for a child benefit package, including in the context of the Estidama ++ initiative. The action will foster alignment of child benefit approaches for national caseloads, based on successful experiences developed globally. | F62: Pillar 3: PROTECTION AND SOCIAL PROTECTION | G62: ILO, UNHCR | J62: 386882.38 | M62: =SUM(H62:L62) -> 386882.38 | N62: Nation wide | O62: 2024-2027 | P62: All workers (or pepole at working age 16-65) regardless of their type of contact with a specaial focus on Syrian Refugees and Women | Q62: Social Security Corporation (SSC) | R62: Workers and Employers associations + MOL
A63: Pillar 4: CRITICAL INFRASTRUCTURE
A64: 4.1 | B64: Generation of evidence to support the integration of vulnerability, climate resilence and social and behavioral change into GOJ planning and prioritization for water sector partners to integrate most vulnerable population’s needs into provision of climate resilient WASH services | C64: Aligned intervention | D64: MACP | E64: UNICEF will support the generation of evidence to identify i) needs and gaps in accessing climate resilient WASH services for most vulnerable populations, with a focus on FDPs , and priorities for intervention; ii) viable technical solutions to improve water resources management, including feasibility in the use of alternative / non-groundwater resources, to access to climate resilient WASH services; iii) bottlenecks, barriers and opportunities for social and behavior change, and improved social cohesion related to WASH and climate. In conjunction with other PROSPECTS partners, the evidence generated will be translated into policy briefs, sectoral guidelines, manuals, and other strategic documents to support joint advocacy to include the identified needs for the most vulnerable populations / FDPs into Water Sector flagship interventions, national / subnational plans that are FDPs inclusive and vulnerability informed toward equitable water budget allocation , as well as the increased application of climate resilient approaches for improved management of water resources, including promoting use of non-groundwater resources and water/energy/food/environment nexus. UNICEF proposes to mobilize PROSPECTS partners and NL embassy to advocate with GoJ and Water sector donors for the inclusion of the highlighted priorities and needs in the formulation of their plans and interventions in the following years. | F64: Pillar 4: CRITICAL INFRASTRUCTURE | G64: UNICEF UNHCR WB Dutch Embassy | H64: 400000 | M64: =SUM(H64:L64) -> 400000 | N64: Focused on key improvements of services for Syrian Refugee Camps (Azraq and Zaatari) | O64: 2024-2027 | P64: Syrian in refugee camps | Q64: Syrian Refugees Affairs Directorate, Ministry of Water and Irrigation, Water Authority of Jordan, Ministry of Health, Ministry of Education, Minstry of Environmen | S64: Access to basic services
A65: 4.2 | B65: Capacity development and GoJ system’s strengthening for institutionalization of climate resilience and prioritization of interventions. | C65: Aligned intervention | D65: MACP | E65: Following previous actions by Water sector partners, and in coordination with existing initiatives to support GoJs’ capacities and the above generated evidence, UNICEF will support GoJ to ingrate climate resilience into national frameworks for planning and implementation of WASH services at household and institutional levels. This will be done through the institutionalization of Climate Resilient Water and Sanitation Safety and Security (CRWSSS) Planning approach. As per the water security component, these will support improved integrated management of water resources, including maximizing the use of alternative/non-ground water sources in areas where these can be applicable. UNICEF will support the development of national roadmaps and strategies for Climate Resilient Water and Sanitation Safety and Water Security Plans, Social and Behaviour Change for Water Sector and WASH in schools, as well as support the establishment or reinforcement of relevant structures within Ministries / National stakeholders. Specific applications of the above institutionalization will: - Support the development of system specific CRWSSS Plans for four targeted communities / settlements (including two in refugee camps, and in host communities, in partnership with the relevant water utilities, and two refugee camps), that identify and prioritize specific interventions to increase climate resilience, including reduction of water losses and use of alternative water sources to increase systems’ efficiencies, that can be used for mobilization of resources. - Support Government capacities for the planning and implementation of Social and Behaviour change communication and community engagement for WASH and climate related practices., including focus on the most vulnerable and specific water conservation practices, including considerations for gender equity and fostering social cohesion among communities and between users and service providers. -Support Ministry of Education for the institutionalization of WASH in schools, including considerations for gender equity and menstrual hygiene management. | F65: Pillar 4: CRITICAL INFRASTRUCTURE | G65: UNICEF UNHCR WB Dutch Embassy | H65: 1400000 | M65: =SUM(H65:L65) -> 1400000 | N65: National | O65: 2024-2026 | P65: Refugees | Q65: Ministry of Water and Irrigation, Water Authority of Jordan, Ministry of Education, Minstry of Environment | R65: FAO, GiZ | S65: Access to basic services
A66: 4.3 | B66: Improved integrated management and use of water and sanitation services in Syrian refugee camps | C66: Aligned intervention | D66: MACP | E66: With a focus on the Syrian refugee camps, and based on the evidence generated over the first years of implementation, the above CRWSSSP, UNICEF will implement field level interventions to improve the management and use of available water resources. These technical upgrades in the water supply and wastewater systems will increase their resilience, improve operational efficiencies and maximize utilization of water resources among refugee population including promoting the reutilization of treated grey and wastewater within the refugee camps and neighboring communities (increased utilization of treated wastewater for agricultural purposes in camp surrounding farms that would otherwise rely on groundwater), fostering social cohesion and water/energy/food nexus. | F66: Pillar 4: CRITICAL INFRASTRUCTURE | G66: UNICEF UNHCR WB Dutch Embassy | H66: 595397 | M66: =SUM(H66:L66) -> 595397 | N66: National | O66: 2024-2027 | P66: National with focus on Refugees | Q66: Ministry of Water and Irrigation, Water Authority of Jordan, Ministry of Education, Minstry of Environment | R66: FAO, GiZ | S66: Access to basic services
A67: 4.4 | B67: Advocacy for equitable access to Climate resilient WASH services | C67: Aligned intervention | D67: MACP | E67: Development of policy briefs, advocacy notes,calls for action highlighting inequities and actions needed to ensure equitable access to climate resilient WASH services by most vulnerable populations, including refugees. | F67: Pillar 4: CRITICAL INFRASTRUCTURE | G67: UNICEF UNHCR WB Dutch Embassy | H67: 200000 | M67: =SUM(H67:L67) -> 200000 | N67: National | O67: 2024-2027 | P67: National with focus on Refugees | Q67: Ministry of Education, Minstry of Environment | R67: FAO, GiZ | S67: Access to basic services
A68: 4.5 | B68: Awareness raising on Social Behaviour Change | C68: Aligned intervention | D68: MACP | E68: Awareness raising through conducting a National communication campaign for Social and Behaviour Change and Risk Communication and Community Engagement on WASH and climate related practices, including focus on the most vulnerable and inclusion of specific messages for refugees based on outcomes of the national Social and Behaviour Change assessment Study supported by PROSPECTS Bridge funding. | F68: Pillar 4: CRITICAL INFRASTRUCTURE | G68: UNICEF UNHCR WB Dutch Embassy | H68: 300000 | M68: =SUM(H68:L68) -> 300000 | N68: National | O68: 2024-2027 | P68: National with focus on Refugees | Q68: Ministry of Water and Irrigation, Water Authority of Jordan, Ministry of Education, Minstry of Environment | R68: FAO, GiZ | S68: Access to basic services
A69: 4.6 | B69: Addressing the Refugee-Climate Nexus in Jordan | C69: Aligned intervention | D69: MACP | E69: This activity will address the water-food-poverty challenges around the climate-refugee nexus through a cross-sectoral package of analytics and investments that leverage existing bank operations and respond respectively to PROPSECTS pillars Critical Infrastructure / Water and Economic Inclusion. a) They include contributions to advance necessary national level policy dialogue and build requisite capacity (eg technical assistance for the council on the Water-Energy-Food-Environment Nexus; inputs into national horticulture development masterplan) with highly focused analytics such to secure urgently needed water supply for refugee camps by assessing coping mechanisms of FDPs due to inadequate service delivery and assessing bulk water supply options to reduce service delivery outages. b) Refugee Camp Bulk Water Supply Improvement (recipient-executed via additional financing to WSEP project): Design and initiation of works related to bulk water supply options identified in basin analytics for priority watersheds supplying refugee camps. c) Inclusive and Climate-Smart Horticulture Development Initiative: The objective of this activity is to develop and deliver proof of concept for an updated development model for the horticulture (fruits and vegetables) sector that would achieve improved competitiveness and job creation, ensure inclusivity to FDPs and sustainability in the face of worsening water scarcity under climate change through a National Horticulture Development Masterplan. To operationally address the compounding effects of the climate change and refugee crisis in Jordan, the technical assistance (a) implemented by WB is designed to feed into the Agriculture Resilience, Value Chain Development and Innovation Program (ARDI) PforR and the Jordan Water Sector Efficiency Project (JWESP) IPF, and reflected in the additional finance for each that would be implemented under (b) and c) of the proposal respectively. The technical analysis and capacity building component (a) is closely aligned with the Recipient Executed activities, ensuring that analytical insights translate into tangible results. The horticulture master plan is a Government of Jordan led document that will be developed to present an overall vision how the sector would be structured; identify needs for regulatory reform; opportunities for the public sector to incentivize private investment; provide a gap analysis as well as recommendations to better include cooperatives (particularly women and youth); mainstream opportunities for water savings including as a conditionality for public support; and specify concrete reforms needed to improve inclusion of FDPs. This activity is directly aligned with the Water and Climate Smart Agriculture Sector pillar of the NL strategy especially on the need to increase water efficiency in the agri-food sector. The horticulture sector is key to increasing water use efficiency in agriculture as noted eg. in our recent Country Climate and Development Report for Jordan (CCDR). The masterplan would promote specific geographic targeting (favoring the Jordan Valley where surface water is used along with a high share of treated wastewater) and the design of any public support made conditional on good water stewardship by farmers. The horticulture masterplan (developed under WB TA (a)) would provide the framework under which, within the scope of the additional financing to the ARDI PforR (b), activities will promote inclusive and climate/ and water-smart development of the horticulture sector, offering a pathway to job creation that creates opportunities for economic inclusion for FDPs in a sustainable fashion. Activities will enhance water-efficient practices to strengthen the agricultural sector's resilience against climate change impacts. The masterplan will be developed in collaboration with GoJ entities and development partners, with the Technical Analysis serving as a critical supporting component – and build on existing analytical outputs such as those produced by the NL funded HollandHorti and HortiFuture projects which includes aspects related to sustainable water use. The activity Refugee Camp Bulk Water Supply Improvement component is directly aligned with the NL strategy pillar on contributing to improving the way WAJ makes water available for basic human use, including for vulnerable people, which leverages careful evaluation of opportunities to limit unsustainable groundwater use. The Refugee Camp Bulk Water Supply Improvement component will identify options for investment that will not contribute to additional water use, including rainwater harvesting. Syrian refugee camps rely on boreholes for bulk water supply, they are not connected to the service delivery network, but as boreholes run dry refugee camps are forced to use water tanker trucks for bulk water. Basin level plans, analytics, and investment prioritization (developed under WB TA (a), and implemented under is Refugee Camp Bulk Water Supply Improvement component (b)) are necessary to improve the understanding of the water balance in and around the refugee camps and provide options to improve bulk water supply as well as to identify any opportunities for rainwater harvesting and related agricultural livelihoods that can be scaled-up in the vicinity. Activities under a) and b) will aid WAJ in prioritizing their broad set of water supply challenges, with supply and fiscal constraints that limit their ability to invest in bulk water supply to refugee camps. Donor support, especially related to making additional water available for vulnerable people, for initial studies of the basins and bulk water supply options will aid in properly prioritizing the issue. | F69: Pillar 4: CRITICAL INFRASTRUCTURE | G69: WB UNHCR IFC ILO UNICEF | K69: 8000000 | M69: =SUM(H69:L69) -> 8000000 | N69: Jordan | O69: 2024-2027 | P69: Host Communities (66%) & Forcibly Displaced People (33%) | Q69: MoWI, MoA, MoI, GAM, ACC, JEDCO | S69: Access to basic services | T69: Leveraging two existing operations of GoJ financed partly by the WB: 1) Jordan Water Sector Efficiency Project and 2) Agriculture Resilience, Value Chain Development and Innovation Program for Results
A70: 4.7 | B70: Improved water management and access | C70: Partner specific intervention | D70: MACP | E70: Jordan is the second water-scarce country in the world. The country’s renewable water supply currently only meets about half of the population’s water demand, with groundwater being used twice as quickly as it can be recharged. A high rate of population growth and the influx of refugees from regional conflicts are putting additional strain on an already diminished water supply. In addition, the country is suffering from high level of technical and commercial water losses (“NRW”) due to outdated infrastructure and constrained resources to upgrade the system. IFC is assessing opportunities in discussion with GoJ to support of the sustainability of the water sector in the country. Some of the initiatives under consideration include support to select local water utilities in reducing water losses by bringing in the private sector and through a PPP model. IFC aims to explore support through both the Prospects Blended Finance and Advisory Services windows as both host and FDP communities will benefit from improved access to clean water across Jordan | F70: Pillar 4: CRITICAL INFRASTRUCTURE | G70: IFC | L70: 870000 | M70: =SUM(H70:L70) -> 870000 | N70: Jordan wide | O70: 2025-2027 | P70: Host and FDP communities accessing clean water | Q70: Jordan wide | R70: TBD | S70: Access to basic services
A71: 4.8 | B71: Crticial Infratructure/ Belnded Finance | C71: Partner specific intervention | D71: MACP | E71: Leverage use of Prospects blended finance instrument to both help de-risk and increase financial viability of high impact projects in infrastructure, including in the water sector, benefiting refugees and FDPs and their host communities and increase development impact and reach. | F71: Pillar 4: CRITICAL INFRASTRUCTURE | G71: IFC | L71: 6000000 | M71: =SUM(H71:L71) -> 6000000 | N71: Jordan wide | O71: 2025-2027 | P71: Host and FDP communities with improved access to quality services | Q71: Jordan nationwide | R71: TBD | S71: Access to basic services
J73: =SUM(J3:J71) -> 14222121 | K73: =SUM(K2:K71) -> 14000000
A74: Total MACP activity costs USD | D74: Total OF activity costs USD
A75: Organization | B75: Total (2024-2027) | D75: Organization | E75: Total (2024-2027)
A76: UNHCR | B76: 0 | D76: UNHCR | E76: =SUM(L3:L71) -> 21808000
A77: UNICEF | B77: =SUM((H3:H71)) -> 26321799 | D77: UNICEF | E77: 0
A78: ILO | B78: =J73 -> 14222121 | D78: ILO | E78: 0
A79: World Bank | B79: 14000000 | D79: World Bank | E79: 0
A80: IFC | B80: =L71+L70+L41+L36+L35+L34+L33+L17+L16 -> 19690000 | D80: IFC | E80: 0
A81: Total | B81: =E499 -> 0 | D81: Total

Sheet Tab 3 Policy Matrix
A1: Policy Priorities | B1: Key challenges | C1: Key milestones | D1: Key stakeholders | E1: Support through programming
A2: #1 Policy priority Education and learning linked to the job market | B2: The 2022 MOE-UNICEF National Diagnostic Assessment (NDA) found that many students lack understanding of Arabic and basic mathematical concepts that underpin higher level learning. Without a national gender responsive prevention and retention strategy, and a coordinated action plan, drop out will continue to increase due to high-risk of negative coping mechanisms including child labour and child marriage. In Jordan, there is a trend towards an under-skilled, yet over-educated population, with post-secondary graduates having gender skewed lower employment rates than those with only a secondary education. Low levels of voice and accountability towards citizens, including adolescents and youth. Young people have limited opportunities to engage in policy and advocacy making processes on important issues that directly affect them. While the Government of Jordan generously permits refugees to access local schools, the quality is limited due to infrastructure challenges and overwhelmed human resources which has led to the adoption of double-shift system to accommodate large number of refugee children. 86.6% of Syrian children attend grades 1 to 10, but the drop-out rate at secondary level is high and just 30% attend grades 11 and 12. UNHCR estimates that less than 10% of university aged refugees are enrolled in tertiary education in Jordan. Additionally, food insecurity is a key barrier to educational outcomes and is strongly associated with school attendance, highlighting its importane to Jordan's education context. This is also supported by evidence indicating that poor, vulnerable, and refugee children often had insufficient nutrition which was associated with lower school attendance and performance. | C2: Lessons learned from school-level programming leads to national discussions on the effectiveness and impact of empowering schools to become more accountable for learning, well-being and inclusion of all children and adolescents in basic schools. Field directorates and schools are using learning and retention data to become more accountable for the well-being and learning of boys and girls aged 10 and above in the most vulnerable areas of Jordan and in the Syrian refugee camps. Coordinated outreach to share accurate information on the availability of scholarships, including Technical Vocational Educational Training (TVET) and other educational certificates, upskilling programs and programs that facilitates access to higher education and labour market. National Youth Strategy is operationalized and monitored with youth people’s engagement Reflection of refugee data in National Education Management Information System (EMIS/SIS) BY 2025, refugees access to inclusive and quality education under the national education systems as well as the completion of education with relevant skills locally and through enhanced use of complementary pathways. NSFP is jointly implemented and funded by the Ministry of Education and WFP but is designed to be fully handed over to the government by 2027. | D2: Ministry of Education and DOE staff Ministry of Education teachers, Ministry of Youth, Refugee and Jordanian Youth, TVET providers, WFP | E2: UNICEF will implement the Teacher of the Future programme through field directorates and schools. UNICEF will contribute to research on out-of-school children to inform national policy and programmes; support the Ministry of Education to develop a national and cross sectoral Drop-Out Prevention and Retention Strategy; and pilot prevention of drop-out intervention(s). UNICEF will deliver its Reading Recovery programme in camp schools and non-formal education centres (2024 only). UNICEF will continue to support school leadership in camps with school improvement/development planning. The NSFP addresses food insecurity and malnutrition as a barrier to education in order to reduce inequality affecting poor and vulnerable children. WB will focus on the expansion and enhancement of Jordan's National School Feeding Program to support children's access to education and their school performance.
A3: Suggest include an overall policy priority on participation, communication and transparency and equal access to rights, opportunities and services for women, girls, men and boys of all backgrounds, including people with disabilities and other marginalized groups beyond education. Then, speficific focus to certain population groups should be included across all other policy priorities | B3: Comments | C3: Comments | D3: Comments | E3: Comments
A4: #2 Policy Priority Productivity, employment and socio-economic opportunities linked to issue of work permits and job creation | B4: With limited job opportunities in the public sector and lack of skills to secure jobs in the private sector, job seekers (in particular youth) increasingly take on informal employment. Lack of policy coherence across sectors (employment, social security) that generate a complex and often contradictory regulatory environment for Syrian refugees’ employment Syrian refugees have restricted access to certain sectors of the economy constraining their employment opportunities whilst Jordanians have less opportunities due to public sector shrinkage and limited private sector. National employment policies have been unable to tackle the growing youth unemployment. Youth unemployment is persistently high in Jordan with limited career pathways for young people to transition to wage or self employment. Economic growth has not been accompanied by job creation, contributing to high levels of unemployment, particularly among youth Micro, small and medium enterprises (MSMEs) account for 98.5 percent of business and 60 per cent of formal sector jobs. Yet still, a large segment of MSMEs remain informal. The Business environment bremains burdensome and unpredictable for startups such as in the areas of business licensing, taxation and social security costs, etc. Employers report occupation-relevant skills gaps as a key constraint in their operations | C4: By the end of 2022, more than 340,000 work permits have been issued to Syrian refugee workers since 2016, yet unemployment among Syrian refugees remains high, in particular for youth and women By 2025, hold a national dialogue on productivity bottlenecks along select value chains By 2026, chambers participate in pilots to address bottlenecks along value chains, aligned to the National Entrepreneurship policy | D4: Jordan Chamber of Industry, Jordan Chamber of Commerce, Ministry of Agriculture, cooperatives, MSMEs, MoDEE, Jordan Cooperatives Corporation (JCC), Ministry of Education, Technical Vocational and Skills Development Commission, Sector Skills Councils, Ministry of Labour, Social Security Corporation, MoDEE, Ministry of Interior, General Federation of Jordanian Trade Unions, Jordan Chamber of Industry | E4: ILO will support Sector Skills Councils in anticipating and identifying in-demand skills and designing and implementing work-based learning and RPL programs UNHCR will support employment opportunities for refugees in Jordan. UNICEF and ILO will conduct exploratory work on Public Private Partnerships for TVET IFC support in implementation of a blended finance instrument to both help de-risk and increase financial viability of high impact projects in the TVET sector Development and launch of competency-based trainings in emerging occupations that support a green and digital transformation of the economy, in partnership with TVSDC Prospects Blended Finance and Advisory Services IFC lead on continued implementation of Start Mashreq. IFC help in attracting new investment and export growth, creating supportive conditions for vertical integration and helping increase training and participation in supporting value chains and of workers, especially youth, women and FDPs. ILO support to cooperatives to play a more prominent role in promoting local socio-economic development and decent work World Bank, UNHCR and ILO to collaborate on analytics and possible concrete interventions based on UNHCR/WFP socio-economic skill mapping. Technical and financial support to local initiatives that respond to social issues and local needs across specific value chains in the sector. ILO support to Jordan Chamber's support to MSMEs with a view to target increased productivity job creation, and working conditions. ILO technical Support and Guidance on National Employment Policy Joint analytical work pertaining to key issues, such as labor integration, market skills needs and FDP skills assessments in key geographical areas defined by size of FDP population and proximity to sizeable businesses and economic development areas. UNICEF will support embedding behavioural insights into career counselling materials, and through gender transformative trainings, counter stereotypes about “male” and “female” jobs at the local and community levels, and link adolescents and youth with non-traditional training and employment opportunities. UNICEF will support preparing young women to successfully respond to market requirements through career counselling and trainings on life and digital skills and financial literacy. UNICEF will assist new and existing businesses led by women to grow and consolidate, including by addressing potential resistances from family and community members through training on entrepreneurship, seed funding, business linkages and follow up support. UNICEF will engage in discussions with government, private sector and development agencies working on similar topics, to identify ways to expand childcare provision, including by licensing home-based nurseries or by helping companies strengthen their partnerships with childcare providers.
B5: Comments | C5: Comments | D5: Comments | E5: Comments
A6: #3 Policy priority Strengthened protection systems (registration, social protection and security). | B6: There is no effective access to new registration since January 2019, when the Cabinet issued a decision requesting UNHCR to suspend registration of any person who entered Jordan on a visa/permission in the case of Syrians and non-Syrians. This decision impacts new arrivals, both Syrians and non-Syrians. Many of them face serious challenges in meeting basic needs as lack of registration and UNHCR documentation precludes assistance and access to key services GBV challenges remain prevalent among refugees and asylum seekers in Jordan. The social protection landscape in Jordan is somewhat fragmented between contributory social insurance and non-contributory social assistance. There is a lack of fiscal space made available for the expansion of inclusive social protection systems. Refugees do not have access to the poverty targeted national social assistance programme, and instead rely on cash assistance from UNHCR and other international actors While refugees have access to contributory social insurance, the cost and design of contributions are not aligned with their needs and realities. Awareness and information on social protection programmes is limited within refugee and vulnerable host communities. Absence of a well-defined theory of change for addressing child protection issues, and inadequate national financial support for children and related policies, emphasize the need of assisting the Government in identifying crucial priorities and giving priority to allocating public funds to protect and enforce the rights of all children living in Jordan. Moreover, the current Jordan Response Plan 2020-2022 is ending, a development-focused refugee response, ensuring refugee access to national health and education services and expanded refugee economic opportunities and access to labor markets. As the crisis enters its second decade, and with little likelihood of Syrian refugees returning to their place of origin soon, it is timely to support the GoJ to strengthen the current approach and deliver better outcomes and better value for money for refugees and vulnerable host communities. | C6: In 2025 national partners, led by Social Security Corporation and Ministry of Labour, continue to convene dialogue on coherence across policies and practices for employment and social protection of Syrian refugees (continuation from Phase I), and by 2026 extending participation to relevant national partners including Ministry of Interior, Ministry of Education and Ministry of Digital Economic and Entrepreneurship (MoDEE) By 2026, legal and regulatory frameworks governing employment and financial inclusion are inclusive of refugees and asylum seekers Youth centers provide career guidance and job search services to young Jordaians and Syrian refugees By 2025, GOJ considers registration modalities for individuals with life-threatening medical conditions or at heightened protection risks with the view of finding suitable durable solution for them. By 2026, presentation to GOJ of alternative options for legalizing the stay of those affected by suspension of registration. By 2027, actions are taken to improve alignment between UNHCR and GOJ issued documents. By 2027, refugees and asylum seekers have access to efficient UNHCR registration and documentation processes, and access to territory is preserved. Through joint advocacy, including other agencies in the protection space, all refugee and asylum seekers in Jordan hold valid documentation. By 2027, refugees and asylum seekers have access to strengthened GBV prevention and response, ensuring a principled approach to the provision of accessible, prompt, confidential and appropriate services to GBV survivors. | D6: Ministry of Interior (including Civil Status Department), Syrian Refugees Affairs Directorate (SRAD), Refugees Affairs Coordination Office (RACO), Judge Department (through the Sharia Courts, National Aid Fund Ministry of Social Development Department of Statistics, National Social Security Corporation (NSSC), Ministry of Labour, The National Council for Family Affairs National Team for Protection, UNFPA, UNWomen,WHO Ministry of Planning and International Cooperation | E6: UNHCR led capacity building to support discharging of international protection responsibilities. UNHCR led advocacy efforts on aligning Jordan to International standards on documentation and statelessness. UNHCR to build and coordinate a network of existing and new partners (including refugee lead) with the capacity to address the barriers limiting refugee access to complementary pathways. UNICEF and ILO facilitated technical assistance and system strengthening to operationalize Cash plus model, institutionalized contribution subsidy schemes and nexus coordination Development of key evidence on benefits of cash plus model and sustainability of contribution subsidies in terms of public finance and retention, especially for youth and children. Joint outreach and communication within refugee communities on social security rights and entitlements ILO and UNHCR to cooperate on expansion of Estidama++. UNICEF will support the National Council for Family Affairs, as per its mandate, to oversee the implementation of the law. UNICEF will help the Council and the Governmental institutions to implement the law's road map, engage with concerned stakeholders, and produce annual reports on key achievements for Cabinet review and action. UNICEF will support the National Council For Family Affairs and the National Team for Protection in developing and executing a five-year, costed National Plan of Action to combat Violence against Children, Gender-Based Violence, and Family Violence in Jordan. Strengthen GoJ's/MOPIC's technical and analytical capacity to support the implementation of the new Jordan Response Plan 2024-2027 and provide technical and capacity support to engage in policy dialogue with all Stakeholders.
B7: Comments | C7: Comments | D7: Comments | E7: Comments

Sheet Tab3b Policy Progress
A1: POLICY INFORMATION | F1: ASESSMENT | M1: CONTRIBUTION TO POLICY DEVELOPMENT | U1: Country Team Feedback on Policy Priorities | V1: Country Team Feedback on Milestones
A2: PILLAR | B2: RIGHT | C2: POLICY PRIORITIES (UNICEF Led) | D2: POLICY MILESTONES | E2: Link to Results Framework indicators | F2: Assessment (2024) | G2: Assessment (2025) | H2: Asessesment (2026) | I2: Asessesment (2027) | J2: Description of relevant contribution made | K2: Sources of Verification | L2: Phase II progress | M2: 1. Needs and evidence | N2: 2. Commitments | O2: 3. Policy adoption/prevention | P2: 4. Resourcing | Q2: 5. Implementation | R2: 6. Coverage and use | S2: 7. Monitoring and Evaluation | U2: Indicate below 1) whether the policy priority is UNICEF lead (Yes/No); if it is No UNICEF led, indicate what partner leads the policy priority; if it is led by UNICEF, indicate whether there is any milestone left out (not included in column D) | V2: Indicate below for each milestone whether 1) UNICEF leads (Yes/No), if it is No UNICEF led, indicate what partner leads the milestone; 2) if it is led by UNICEF, indicate what other partners contribute to the milestone (or say none if this is the case)
A3: EDUCATION | B3: Access to TVET | C3: 1. Education and learning linked to the job market | D3: 1.1 Lessons learned from school-level programming leads to national discussions on the effectiveness and impact of empowering schools to become more accountable for learning, well-being and inclusion of all children and adolescents in basic schools. | E3: 1c) Evidence on how PROSPECTS has contributed to a change in legal frameworks, policies and asylum system related to access for refugees to education and training systems | F3: 1=No contribution to target | G3: 2=Initiated contribution to target | H3: 3=Approaches milestone target | I3: 4=Achieved milestone target | N3: X
D4: 1.2 Field directorates and schools are using learning and retention data to become more accountable for the well-being and learning of boys and girls aged 10 and above in the most vulnerable areas of Jordan and in the Syrian refugee camps. | E4: 1d) Evidence that PROSPECTS contributed to institutional capacity strengthening in relation to inclusion in education and trainings for FDPs and HCs | F4: 2=Initiated contribution to target | G4: 2=Initiated contribution to target | Q4: X
D5: 1.3 Coordinated outreach to share accurate information on the availability of scholarships, including Technical Vocational Educational Training (TVET) and other educational certificates, upskilling programs and programs that facilitates access to higher education and labour market. | E5: 1c) Evidence on how PROSPECTS has contributed to a change in legal frameworks, policies and asylum system related to access for refugees to education and training systems | F5: 2=Initiated contribution to target | G5: 3=Approaches milestone target | R5: X
D6: 1.4 National Youth Strategy is operationalized and monitored with youth people’s engagement | S6: X
D7: 1.5 Reflection of refugee data in National Education Management Information System (EMIS/SIS) | Q7: X
D8: 1.6 By 2025, refugees access to inclusive and quality education under the national education systems as well as the completion of education with relevant skills locally and through enhanced use of complementary pathways. | Q8: X
A9: SOCIAL PROTECTION | B9: Inclusion of Refugee & FDP in National Social Protection Systems | C9: 6. Legislative, policy and structural reforms for sustainable and strengthened protection systems, including social protection (social security) and child protection, with a focus on the most vulnerable, including informal workers, refugees, women and girls, and youth. | D9: 6.1 As an implementation support of National Social Protection Strategy, evidence is generated including an analysis and investment case for inclusive contributory and non-contributory social protection approaches (e.g. Estidama++, Cash Plus model amogst other), and structures/capacities for nexus coordinaton are enhanced | E9: 3.1b) Evidence on how PROSPECTS has contributed to a change in legal frameworks, policies and asylum system related to inclusive social protection for refugees and HCs, based on security standards and principles​​ | M9: X
D10: 6.2 A sustainable national model for extension of social security to informal economy workers is institutionalized based on lessons learned through Estidama++. By 2027, national contribution subsidies are made available to vulnerable groups of workers on a permanent basis | Q10: X
D11: 6.3 Government of Jordan to institutionalize Cash Plus model and NAF staff to have capacity to operationalize Cash Plus intervention, while sustaining UNICEF-led Cash plus interventions. | E11: 3c) Evidence that PROSPECTS contributed to institutional capacity strengthening in relation to inclusion of FDPs and HCs in national and sub-national social protection systems | Q11: X
D12: 6.4 Execution of the developed national roadmap for Child Rights Law | E12: 3.1b) Evidence on how PROSPECTS has contributed to a change in legal frameworks, policies and asylum system related to inclusive social protection for refugees and HCs, based on security standards and principles​​ | Q12: X
D13: 6.5 Yearly national reports assessing the implementation of the law and contributing to the National CRC reports. | S13: X
D14: 6.6 Development and implementation of a national multi-sectoral costed Plan of Action for Prevention and Response to Violence Against Children, Gender based violence and Family Violence in Jordan. | Q14: X
D15: 6.7 Sustainable policy solutions and pilots implemented to fill social health protection gap for refugees and host communities through national social health protection systems | Q15: X
D16: 6.8 Implementation of Jordan Response Plan 2024-2027 | Q16: X

Sheet Graphs
B1: FORMULA | F1: DATA
A2: Milestones | B2: 2024 | C2: 2025 | D2: 2026 | E2: 2027 | F2: 2024 | G2: 2025 | H2: 2026 | I2: 2027
A3: 1.1 Lessons learned from school-level programming leads to national discussions on the effectiveness and impact of empowering schools to become more accountable for learning, well-being and inclusion of all children and adolescents in basic schools. | B3: =IF('Tab3b Policy Progress'!F3="1=No contribution to target ",1,IF('Tab3b Policy Progress'!F3="2=Initiated contribution to target",2,IF('Tab3b Policy Progress'!F3="3=Approaches milestone target",3,IF('Tab3b Policy Progress'!F3="4=Achieved milestone target",4,"")))) -> 1 | C3: =IF('Tab3b Policy Progress'!G3="1=No contribution to target ",1,IF('Tab3b Policy Progress'!G3="2=Initiated contribution to target",2,IF('Tab3b Policy Progress'!G3="3=Approaches milestone target",3,IF('Tab3b Policy Progress'!G3="4=Achieved milestone target",4,"")))) -> 2 | D3: =IF('Tab3b Policy Progress'!H3="1=No contribution to target ",1,IF('Tab3b Policy Progress'!H3="2=Initiated contribution to target",2,IF('Tab3b Policy Progress'!H3="3=Approaches milestone target",3,IF('Tab3b Policy Progress'!H3="4=Achieved milestone target",4,"")))) -> 3 | E3: =IF('Tab3b Policy Progress'!I3="1=No contribution to target ",1,IF('Tab3b Policy Progress'!I3="2=Initiated contribution to target",2,IF('Tab3b Policy Progress'!I3="3=Approaches milestone target",3,IF('Tab3b Policy Progress'!I3="4=Achieved milestone target",4,"")))) -> 4 | F3: =B3 -> 1 | G3: =C3 -> 2 | H3: =D3 -> 3 | I3: =E3 -> 4
A4: 1.2 Field directorates and schools are using learning and retention data to become more accountable for the well-being and learning of boys and girls aged 10 and above in the most vulnerable areas of Jordan and in the Syrian refugee camps. | B4: =IF('Tab3b Policy Progress'!F4="1=No contribution to target ",1,IF('Tab3b Policy Progress'!F4="2=Initiated contribution to target",2,IF('Tab3b Policy Progress'!F4="3=Approaches milestone target",3,IF('Tab3b Policy Progress'!F4="4=Achieved milestone target",4,"")))) -> 2 | C4: =IF('Tab3b Policy Progress'!G4="1=No contribution to target ",1,IF('Tab3b Policy Progress'!G4="2=Initiated contribution to target",2,IF('Tab3b Policy Progress'!G4="3=Approaches milestone target",3,IF('Tab3b Policy Progress'!G4="4=Achieved milestone target",4,"")))) -> 2 | D4: =IF('Tab3b Policy Progress'!H4="1=No contribution to target ",1,IF('Tab3b Policy Progress'!H4="2=Initiated contribution to target",2,IF('Tab3b Policy Progress'!H4="3=Approaches milestone target",3,IF('Tab3b Policy Progress'!H4="4=Achieved milestone target",4,"")))) | E4: =IF('Tab3b Policy Progress'!I4="1=No contribution to target ",1,IF('Tab3b Policy Progress'!I4="2=Initiated contribution to target",2,IF('Tab3b Policy Progress'!I4="3=Approaches milestone target",3,IF('Tab3b Policy Progress'!I4="4=Achieved milestone target",4,"")))) | F4: =B4 -> 2 | G4: =C4 -> 2 | H4: =D4 | I4: =E4
A5: 1.3 Coordinated outreach to share accurate information on the availability of scholarships, including Technical Vocational Educational Training (TVET) and other educational certificates, upskilling programs and programs that facilitates access to higher education and labour market. | B5: =IF('Tab3b Policy Progress'!F5="1=No contribution to target ",1,IF('Tab3b Policy Progress'!F5="2=Initiated contribution to target",2,IF('Tab3b Policy Progress'!F5="3=Approaches milestone target",3,IF('Tab3b Policy Progress'!F5="4=Achieved milestone target",4,"")))) -> 2 | C5: =IF('Tab3b Policy Progress'!G5="1=No contribution to target ",1,IF('Tab3b Policy Progress'!G5="2=Initiated contribution to target",2,IF('Tab3b Policy Progress'!G5="3=Approaches milestone target",3,IF('Tab3b Policy Progress'!G5="4=Achieved milestone target",4,"")))) -> 3 | D5: =IF('Tab3b Policy Progress'!H5="1=No contribution to target ",1,IF('Tab3b Policy Progress'!H5="2=Initiated contribution to target",2,IF('Tab3b Policy Progress'!H5="3=Approaches milestone target",3,IF('Tab3b Policy Progress'!H5="4=Achieved milestone target",4,"")))) | E5: =IF('Tab3b Policy Progress'!I5="1=No contribution to target ",1,IF('Tab3b Policy Progress'!I5="2=Initiated contribution to target",2,IF('Tab3b Policy Progress'!I5="3=Approaches milestone target",3,IF('Tab3b Policy Progress'!I5="4=Achieved milestone target",4,"")))) | F5: =B5 -> 2 | G5: =C5 -> 3 | H5: =D5 | I5: =E5
A6: 1.4 National Youth Strategy is operationalized and monitored with youth people’s engagement | B6: =IF('Tab3b Policy Progress'!F6="1=No contribution to target ",1,IF('Tab3b Policy Progress'!F6="2=Initiated contribution to target",2,IF('Tab3b Policy Progress'!F6="3=Approaches milestone target",3,IF('Tab3b Policy Progress'!F6="4=Achieved milestone target",4,"")))) | C6: =IF('Tab3b Policy Progress'!G6="1=No contribution to target ",1,IF('Tab3b Policy Progress'!G6="2=Initiated contribution to target",2,IF('Tab3b Policy Progress'!G6="3=Approaches milestone target",3,IF('Tab3b Policy Progress'!G6="4=Achieved milestone target",4,"")))) | D6: =IF('Tab3b Policy Progress'!H6="1=No contribution to target ",1,IF('Tab3b Policy Progress'!H6="2=Initiated contribution to target",2,IF('Tab3b Policy Progress'!H6="3=Approaches milestone target",3,IF('Tab3b Policy Progress'!H6="4=Achieved milestone target",4,"")))) | E6: =IF('Tab3b Policy Progress'!I6="1=No contribution to target ",1,IF('Tab3b Policy Progress'!I6="2=Initiated contribution to target",2,IF('Tab3b Policy Progress'!I6="3=Approaches milestone target",3,IF('Tab3b Policy Progress'!I6="4=Achieved milestone target",4,"")))) | F6: =B6 | G6: =C6 | H6: =D6 | I6: =E6
A7: 1.5 Reflection of refugee data in National Education Management Information System (EMIS/SIS) | B7: =IF('Tab3b Policy Progress'!F7="1=No contribution to target ",1,IF('Tab3b Policy Progress'!F7="2=Initiated contribution to target",2,IF('Tab3b Policy Progress'!F7="3=Approaches milestone target",3,IF('Tab3b Policy Progress'!F7="4=Achieved milestone target",4,"")))) | C7: =IF('Tab3b Policy Progress'!G7="1=No contribution to target ",1,IF('Tab3b Policy Progress'!G7="2=Initiated contribution to target",2,IF('Tab3b Policy Progress'!G7="3=Approaches milestone target",3,IF('Tab3b Policy Progress'!G7="4=Achieved milestone target",4,"")))) | D7: =IF('Tab3b Policy Progress'!H7="1=No contribution to target ",1,IF('Tab3b Policy Progress'!H7="2=Initiated contribution to target",2,IF('Tab3b Policy Progress'!H7="3=Approaches milestone target",3,IF('Tab3b Policy Progress'!H7="4=Achieved milestone target",4,"")))) | E7: =IF('Tab3b Policy Progress'!I7="1=No contribution to target ",1,IF('Tab3b Policy Progress'!I7="2=Initiated contribution to target",2,IF('Tab3b Policy Progress'!I7="3=Approaches milestone target",3,IF('Tab3b Policy Progress'!I7="4=Achieved milestone target",4,"")))) | F7: =B7 | G7: =C7 | H7: =D7 | I7: =E7
A8: 1.6 By 2025, refugees access to inclusive and quality education under the national education systems as well as the completion of education with relevant skills locally and through enhanced use of complementary pathways. | B8: =IF('Tab3b Policy Progress'!F8="1=No contribution to target ",1,IF('Tab3b Policy Progress'!F8="2=Initiated contribution to target",2,IF('Tab3b Policy Progress'!F8="3=Approaches milestone target",3,IF('Tab3b Policy Progress'!F8="4=Achieved milestone target",4,"")))) | C8: =IF('Tab3b Policy Progress'!G8="1=No contribution to target ",1,IF('Tab3b Policy Progress'!G8="2=Initiated contribution to target",2,IF('Tab3b Policy Progress'!G8="3=Approaches milestone target",3,IF('Tab3b Policy Progress'!G8="4=Achieved milestone target",4,"")))) | D8: =IF('Tab3b Policy Progress'!H8="1=No contribution to target ",1,IF('Tab3b Policy Progress'!H8="2=Initiated contribution to target",2,IF('Tab3b Policy Progress'!H8="3=Approaches milestone target",3,IF('Tab3b Policy Progress'!H8="4=Achieved milestone target",4,"")))) | E8: =IF('Tab3b Policy Progress'!I8="1=No contribution to target ",1,IF('Tab3b Policy Progress'!I8="2=Initiated contribution to target",2,IF('Tab3b Policy Progress'!I8="3=Approaches milestone target",3,IF('Tab3b Policy Progress'!I8="4=Achieved milestone target",4,"")))) | F8: =B8 | G8: =C8 | H8: =D8 | I8: =E8
A9: 6.1 As an implementation support of National Social Protection Strategy, evidence is generated including an analysis and investment case for inclusive contributory and non-contributory social protection approaches (e.g. Estidama++, Cash Plus model amogst other), and structures/capacities for nexus coordinaton are enhanced | B9: =IF('Tab3b Policy Progress'!F9="1=No contribution to target ",1,IF('Tab3b Policy Progress'!F9="2=Initiated contribution to target",2,IF('Tab3b Policy Progress'!F9="3=Approaches milestone target",3,IF('Tab3b Policy Progress'!F9="4=Achieved milestone target",4,"")))) | C9: =IF('Tab3b Policy Progress'!G9="1=No contribution to target ",1,IF('Tab3b Policy Progress'!G9="2=Initiated contribution to target",2,IF('Tab3b Policy Progress'!G9="3=Approaches milestone target",3,IF('Tab3b Policy Progress'!G9="4=Achieved milestone target",4,"")))) | D9: =IF('Tab3b Policy Progress'!H9="1=No contribution to target ",1,IF('Tab3b Policy Progress'!H9="2=Initiated contribution to target",2,IF('Tab3b Policy Progress'!H9="3=Approaches milestone target",3,IF('Tab3b Policy Progress'!H9="4=Achieved milestone target",4,"")))) | E9: =IF('Tab3b Policy Progress'!I9="1=No contribution to target ",1,IF('Tab3b Policy Progress'!I9="2=Initiated contribution to target",2,IF('Tab3b Policy Progress'!I9="3=Approaches milestone target",3,IF('Tab3b Policy Progress'!I9="4=Achieved milestone target",4,"")))) | F9: =B9 | G9: =C9 | H9: =D9 | I9: =E9
A10: 6.2 A sustainable national model for extension of social security to informal economy workers is institutionalized based on lessons learned through Estidama++. By 2027, national contribution subsidies are made available to vulnerable groups of workers on a permanent basis | B10: =IF('Tab3b Policy Progress'!F10="1=No contribution to target ",1,IF('Tab3b Policy Progress'!F10="2=Initiated contribution to target",2,IF('Tab3b Policy Progress'!F10="3=Approaches milestone target",3,IF('Tab3b Policy Progress'!F10="4=Achieved milestone target",4,"")))) | C10: =IF('Tab3b Policy Progress'!G10="1=No contribution to target ",1,IF('Tab3b Policy Progress'!G10="2=Initiated contribution to target",2,IF('Tab3b Policy Progress'!G10="3=Approaches milestone target",3,IF('Tab3b Policy Progress'!G10="4=Achieved milestone target",4,"")))) | D10: =IF('Tab3b Policy Progress'!H10="1=No contribution to target ",1,IF('Tab3b Policy Progress'!H10="2=Initiated contribution to target",2,IF('Tab3b Policy Progress'!H10="3=Approaches milestone target",3,IF('Tab3b Policy Progress'!H10="4=Achieved milestone target",4,"")))) | E10: =IF('Tab3b Policy Progress'!I10="1=No contribution to target ",1,IF('Tab3b Policy Progress'!I10="2=Initiated contribution to target",2,IF('Tab3b Policy Progress'!I10="3=Approaches milestone target",3,IF('Tab3b Policy Progress'!I10="4=Achieved milestone target",4,"")))) | F10: =B10 | G10: =C10 | H10: =D10 | I10: =E10
A11: 6.3 Government of Jordan to institutionalize Cash Plus model and NAF staff to have capacity to operationalize Cash Plus intervention, while sustaining UNICEF-led Cash plus interventions. | B11: =IF('Tab3b Policy Progress'!F11="1=No contribution to target ",1,IF('Tab3b Policy Progress'!F11="2=Initiated contribution to target",2,IF('Tab3b Policy Progress'!F11="3=Approaches milestone target",3,IF('Tab3b Policy Progress'!F11="4=Achieved milestone target",4,"")))) | C11: =IF('Tab3b Policy Progress'!G11="1=No contribution to target ",1,IF('Tab3b Policy Progress'!G11="2=Initiated contribution to target",2,IF('Tab3b Policy Progress'!G11="3=Approaches milestone target",3,IF('Tab3b Policy Progress'!G11="4=Achieved milestone target",4,"")))) | D11: =IF('Tab3b Policy Progress'!H11="1=No contribution to target ",1,IF('Tab3b Policy Progress'!H11="2=Initiated contribution to target",2,IF('Tab3b Policy Progress'!H11="3=Approaches milestone target",3,IF('Tab3b Policy Progress'!H11="4=Achieved milestone target",4,"")))) | E11: =IF('Tab3b Policy Progress'!I11="1=No contribution to target ",1,IF('Tab3b Policy Progress'!I11="2=Initiated contribution to target",2,IF('Tab3b Policy Progress'!I11="3=Approaches milestone target",3,IF('Tab3b Policy Progress'!I11="4=Achieved milestone target",4,"")))) | F11: =B11 | G11: =C11 | H11: =D11 | I11: =E11
A12: 6.4 Execution of the developed national roadmap for Child Rights Law | B12: =IF('Tab3b Policy Progress'!F12="1=No contribution to target ",1,IF('Tab3b Policy Progress'!F12="2=Initiated contribution to target",2,IF('Tab3b Policy Progress'!F12="3=Approaches milestone target",3,IF('Tab3b Policy Progress'!F12="4=Achieved milestone target",4,"")))) | C12: =IF('Tab3b Policy Progress'!G12="1=No contribution to target ",1,IF('Tab3b Policy Progress'!G12="2=Initiated contribution to target",2,IF('Tab3b Policy Progress'!G12="3=Approaches milestone target",3,IF('Tab3b Policy Progress'!G12="4=Achieved milestone target",4,"")))) | D12: =IF('Tab3b Policy Progress'!H12="1=No contribution to target ",1,IF('Tab3b Policy Progress'!H12="2=Initiated contribution to target",2,IF('Tab3b Policy Progress'!H12="3=Approaches milestone target",3,IF('Tab3b Policy Progress'!H12="4=Achieved milestone target",4,"")))) | E12: =IF('Tab3b Policy Progress'!I12="1=No contribution to target ",1,IF('Tab3b Policy Progress'!I12="2=Initiated contribution to target",2,IF('Tab3b Policy Progress'!I12="3=Approaches milestone target",3,IF('Tab3b Policy Progress'!I12="4=Achieved milestone target",4,"")))) | F12: =B12 | G12: =C12 | H12: =D12 | I12: =E12
A13: 6.5 Yearly national reports assessing the implementation of the law and contributing to the National CRC reports. | B13: =IF('Tab3b Policy Progress'!F13="1=No contribution to target ",1,IF('Tab3b Policy Progress'!F13="2=Initiated contribution to target",2,IF('Tab3b Policy Progress'!F13="3=Approaches milestone target",3,IF('Tab3b Policy Progress'!F13="4=Achieved milestone target",4,"")))) | C13: =IF('Tab3b Policy Progress'!G13="1=No contribution to target ",1,IF('Tab3b Policy Progress'!G13="2=Initiated contribution to target",2,IF('Tab3b Policy Progress'!G13="3=Approaches milestone target",3,IF('Tab3b Policy Progress'!G13="4=Achieved milestone target",4,"")))) | D13: =IF('Tab3b Policy Progress'!H13="1=No contribution to target ",1,IF('Tab3b Policy Progress'!H13="2=Initiated contribution to target",2,IF('Tab3b Policy Progress'!H13="3=Approaches milestone target",3,IF('Tab3b Policy Progress'!H13="4=Achieved milestone target",4,"")))) | E13: =IF('Tab3b Policy Progress'!I13="1=No contribution to target ",1,IF('Tab3b Policy Progress'!I13="2=Initiated contribution to target",2,IF('Tab3b Policy Progress'!I13="3=Approaches milestone target",3,IF('Tab3b Policy Progress'!I13="4=Achieved milestone target",4,"")))) | F13: =B13 | G13: =C13 | H13: =D13 | I13: =E13
A14: 6.6 Development and implementation of a national multi-sectoral costed Plan of Action for Prevention and Response to Violence Against Children, Gender based violence and Family Violence in Jordan. | B14: =IF('Tab3b Policy Progress'!F14="1=No contribution to target ",1,IF('Tab3b Policy Progress'!F14="2=Initiated contribution to target",2,IF('Tab3b Policy Progress'!F14="3=Approaches milestone target",3,IF('Tab3b Policy Progress'!F14="4=Achieved milestone target",4,"")))) | C14: =IF('Tab3b Policy Progress'!G14="1=No contribution to target ",1,IF('Tab3b Policy Progress'!G14="2=Initiated contribution to target",2,IF('Tab3b Policy Progress'!G14="3=Approaches milestone target",3,IF('Tab3b Policy Progress'!G14="4=Achieved milestone target",4,"")))) | D14: =IF('Tab3b Policy Progress'!H14="1=No contribution to target ",1,IF('Tab3b Policy Progress'!H14="2=Initiated contribution to target",2,IF('Tab3b Policy Progress'!H14="3=Approaches milestone target",3,IF('Tab3b Policy Progress'!H14="4=Achieved milestone target",4,"")))) | E14: =IF('Tab3b Policy Progress'!I14="1=No contribution to target ",1,IF('Tab3b Policy Progress'!I14="2=Initiated contribution to target",2,IF('Tab3b Policy Progress'!I14="3=Approaches milestone target",3,IF('Tab3b Policy Progress'!I14="4=Achieved milestone target",4,"")))) | F14: =B14 | G14: =C14 | H14: =D14 | I14: =E14
... A16: 6.8 Implementation of Jordan Response Plan 2024-2027 | B16: =IF('Tab3b Policy Progress'!F16="1=No contribution to target ",1,IF('Tab3b Policy Progress'!F16="2=Initiated contribution to target",2,IF('Tab3b Policy Progress'!F16="3=Approaches milestone target",3,IF('Tab3b Policy Progress'!F16="4=Achieved milestone target",4,"")))) | C16: =IF('Tab3b Policy Progress'!G16="1=No contribution to target ",1,IF('Tab3b Policy Progress'!G16="2=Initiated contribution to target",2,IF('Tab3b Policy Progress'!G16="3=Approaches milestone target",3,IF('Tab3b Policy Progress'!G16="4=Achieved milestone target",4,"")))) | D16: =IF('Tab3b Policy Progress'!H16="1=No contribution to target ",1,IF('Tab3b Policy Progress'!H16="2=Initiated contribution to target",2,IF('Tab3b Policy Progress'!H16="3=Approaches milestone target",3,IF('Tab3b Policy Progress'!H16="4=Achieved milestone target",4,"")))) | E16: =IF('Tab3b Policy Progress'!I16="1=No contribution to target ",1,IF('Tab3b Policy Progress'!I16="2=Initiated contribution to target",2,IF('Tab3b Policy Progress'!I16="3=Approaches milestone target",3,IF('Tab3b Policy Progress'!I16="4=Achieved milestone target",4,"")))) | F16: =B16 | G16: =C16 | H16: =D16 | I16: =E16

Sheet Lists
B3: Collective intervention | D3: Access to rights | H3: WB | I3: MACP | K3: Pillar 1: EDUCATION AND LEARNING
B4: Aligned intervention | D4: Access to basic services | H4: ILO | I4: OF | K4: Pillar 2: ECONOMIC INCLUSION
B5: Partner specific intervention | D5: Access to socio-economic opportunities | H5: UNHCR | K5: Pillar 3: PROTECTION AND SOCIAL PROTECTION
H6: IFC | K6: Pillar 4: CRITICAL INFRASTRUCTURE
H7: UNICEF
B10: Ahead of schedule
B11: On track
B12: Constrained
B15: Highly likely | D15: High
B16: Likely | D16: Average
B17: Average | D17: Low
B18: Unlikely
B19: Highly unlikely
B24: Self assessment | C24: Protection | D24: Social protection | E24: Education
B25: 1=No contribution to target | C25: Level 1: System Building | D25: 1)Absent | E25: 1) Weak
B26: 2=Initiated contribution to target | C26: Level 2: System Enhancement | D26: 2) Weak | E26: 2) Initiating
B27: 3=Approaches milestone target | C27: Level 3: System Integration | D27: 3) Moderate | E27: 3) Established
B28: 4=Achieved milestone target | C28: Level 4: System Maturity | D28: 4) Strong | E28: 4) Championing

Sheet Tab 4 Risk Assessment
B2: 1. Contextual Risks
B3: Risks | C3: Impact on results | D3: Likelihood | E3: Mitigation measures | F3: Responsible partner to monitor and update risk assessment
B4: Emergency and major security risks | C4: High | D4: Highly unlikely | E4: Contingency planning prepared. Business continuity plan in place and regularly updated to ensure that partner continue to perform essential operations under all conditions. Roster of emergency field mission staff maintained during critical times of the year. | F4: All partners
B5: Large numbers of Syrians returning to Syria | C5: High | D5: Unlikely | E5: Communication with UNHCR on trends/levels of returns, and plan appropriately if there is a likely upwards trajectory. | F5: UNHCR
B6: Economic and political instability | C6: High | D6: Average | E6: Monitor the socio-economic situation of the country closely and ensure timely strategic decisions to continue the implementation of programmes. | F6: All partners
B7: Overall situation of young people in Jordan leads to further weakening of the social contract | C7: High | D7: Highly likely | E7: Working closely with key Ministeries to support graduation strategies aimed at boosting youth employment and access to digital livelihood through innovative programmes. New partnership around the learning to earning transition in the form of public private youth partnership and others are key for increased coordination and efficiencies withing key stakeholders engaged in this area. | F7: UNICEF
B8: Interventions deprioritized by the Government of Jordan due to other competing priorities | C8: High | D8: Average | E8: Continue close collaboration with the Government of Jordan representatives. Conduct regular progress meetings to update on achievements and next steps. Continue advocating highlighting intervention outcomes and impact achieved. | F8: All partners
B9: Capacity of national partners/consultants to undertake project tasks | C9: High | D9: Unlikely | E9: Ensure fair and transparent partner/consultant selection processses, provide necessary capacity building to partners as needed (including by coordinating with RDPP), and scrutinize results against a workplan. | F9: UNICEF
B10: Climate-induced risks and impacts disrupt/hamper essential services and resulting in underachieving results | C10: High | D10: Average | E10: Analyse the potential climate risk scenario via climate risk impact chain and prepare the contingency plan. | F10: UNICEF
B11: Access to learning and transition to digital hampering learning and upskilling opportunity for the most vulnerable, those not connected. National strategies for digital and green economy are not fully adopted nor operationalized. | C11: High | D11: Likely | E11: UNICEF has been strengthening its response to equipping youth with digital skills at scale in partnership with MODEE and its delivery through Makani and other platforms. In addition to this, the skills building agenda is being redesigned to place digital skills building at its core, in alignment with education reimagined agenda, as well as global framework on tranferable skills. Learning Platforms as the Youth Learning Platform and Nahno to be accessible offline to support learning even when connectivity is an issue, such as in camps and vulnerable communities. | F11: UNICEF
B12: Young people's engagement and volunteering and shrinking civic spaces for participation Lack of National framework and bylaws for engagement and volunteering in Jordan | C12: High | D12: Average | E12: Working with the Ministry of Youth and national partners on establishing a national framework for volunteering and incentives system. A survey on volunteering behavior is also planned. Volunteering charters and guidance will support putting a guidance for volunteering rights and protection mechanisms. | F12: UNICEF
B13: Lack of participation of young people with disabilities due to limiting envionment | C13: High | D13: Likely | E13: Programme design to be adjusted to take into consideration barriers and addressing them through programme design and implementation at service delivery level, engaging young people with disabilities in the process of planning designing and implementing the programme. | F13: UNICEF
B14: Challenges for girls adolecents and young people, limiting the opportunity for engagement, participation, learning and employment Socio-economic challenges for girls participation in Jordan and restrictive cultural beliefs and gender based social norms | C14: High | D14: Unlikely | E14: Engaging with new and innovative partnerships and fora (such as World Economic Forum and Public-Private-Youth Partnership) to suport joint action to supoprt girls participation and development in Jordan. Gender norms are being addressed, through a life-course approach, increasing empowerment of girls and women at different stages of life. | F14: UNICEF
... B18: GoJ instructs to suspend registration of refugees and asylum seekers who are more exposed to arbitrary detention and deportation and suffer from reduced access to asylum | C18: High | D18: High | E18: UNHCR intensifies advocacy for finding most appropriate solution to the registration hiatus, and to prevent deportation (refloulement) of non-registered population and UNHCR maintains records of all non-registered individuals outside of the registration module on ProGres (under the reception entity) and intensifies efforts to reach out to the population | F18: UNHCR
B19: GoJ policies and instructions relating to specific requirements for PoCs of Non- Syrian nationality regarding access to health services, education, and livelihood opportunities continue and refugees from nationalities other than Syria are not able to effectively access rights and services and are at risk of detention and deportation | C19: High | D19: High | E19: Partners intensify advocacy for the most appropriate policies for non-Syrians, we well as to prevent their deportation, their access to the labor market and legal work and access to education. Partners strengthen outreach to Non-Syrian population through the referral mechanisms established with the protection working group, and UNHCR's community centers outreach activities.
B21: 2. Programmatic Risks
B22: Risks | C22: Impact on results | D22: Likelihood | E22: Mitigation measures | F22: Responsible partner to monitor and update risk assessment
B23: Turnover of staff within Ministry of Education, Directorates of Education and schools | C23: High | D23: Likely | E23: Training always includes a shadow. Ministry of Education work includes an additional Focal Point. | F23: UNICEF
B24: Lack of attendance in out-of-school clubs High costs lowers the target implementation | C24: High | D24: Highly unlikely | E24: Work with schools to identify challenges, barriers and opportunities. Strong parental engagement components. Incentivise learning outcomes and attendance for students. | F24: UNICEF
B25: Lack of Ministry of Education, Directorates of Education school support for implementation of the Learning Bridges programme | C25: High | D25: Highly unlikely | E25: Learning Bridges programme is ongoing and and is a joint Ministry of Education-UNICEF programme. Learning Bridges Clubs are implemented by UNICEF in coordination with Ministry of Youth and Ministry of Digital Economy and Entrepreneurship. | F25: UNICEF
B26: Content of materials addresses climate related issues, human rights, gender responsiveness and 21st century skills. Materials prepared for programmes which are based on addressing equity and inclusion are watered down or considered inappropriate | C26: High | D26: Likely | E26: Work with Ministry of Education to agree and sign off materials. Through a process of negotiation and advocacy ensure that a minimal set of principles are maintained. | F26: UNICEF
B27: Lack of meaningful engagement from other actors in Jordan on retention and prevention work, meaning lack of coordination of efforts | C27: High | D27: Unlikely | E27: Engage Ministry of Education, and other education partners at all stages. UNICEF is lead of the ESWG and a trusted partner of the Ministry of Education. | F27: UNICEF
B28: Reduction in donor funding/support | C28: High | D28: Likely | E28: Continued resource mobilisation for the programme. Transition planning with Ministries. Broadening non transitional partnerships including with donor communities, private sector, academia and influencers to amplify advocacy and generate more support for shared vlaue. | F28: All partners
B29: Delays/unable to get approval from authorities | C29: High | D29: Unlikely | E29: Involve relevant authorities at early stage in programme planning and throughout the process to ensure information is delivered in real time to facilitate programmes/projects approval. Ministry focal points to be engaged at all levels and kept up to date with programme progress. Provide capacity building through technical support and follow up closely with relevants takeholders to ensure their continued commitment. | F29: All partners
B30: High turnover within govermental representatives and targeted persons for capacity building | C30: High | D30: Average | E30: Request pre-approval and increase documentation to make easier follow up and manage knowledge when new staff takes over, engage with field/center level staff. Increase level of commitment through involving targeted stakeholders throughout the course of the project and undertake offical pathways for representative nominations for capacity building exercises. | F30: All partners
B31: Overlapping / duplication with other ongoing actions related to capacity development by other sector development partners | C31: High | D31: Unlikely | E31: Improved coordination, including through leveraging support of PROSPECTS into development activities. | F31: All partners
B32: Increase costs and time during implementation due to the need to engage in additional capacity building for government counterparts | C32: Average | D32: Average | E32: Regular and transparent updates on variation of project and undertake all necessary reporting to stakeholders and donor in due time. | F32: All partners
B33: Lack of availability of quality data for evidence-based accountability and learning purposes | C33: High | D33: Average | E33: Work closely with program, monitoring and evaluation sections, stakeholders and consultants to ensure that data and evidence-based products are of high-quality and use for accountability and learning purposes. This includes also the safeguarding of sensitive data and ensuring to respect the privacy of those participating in the evidence-based knowledge processes. | F33: All partners
... B37: Social and gender based cultural norms in addition to economic hardships contribute to the increased vulnerability of children and negative coping mechanisms especially refugee children in camps and host communities | C37: High | D37: Highly likely | E37: UNICEF is focusing on social and behavioral change as well as gender transfomative programmes within child protection to address social and cultural norms that increase violence against children. | F37: UNICEF

Sheet Tab 5 Multi-annual targets 
A4: *The WB will be adding targets at a later stage.
A5: INDICATORS | B5: Partners | C5: Cumulative Target per partner (2024-2027)
A6: PILLAR 1: EDUCATION AND LEARNING
A7: Mid-term Outcome 1: Increased Access of FDPs And HCs To Quality Education, Skills and Learning Opportunities
A8: 1a) Number of FDPs/HCs who completed their primary or secondary education program (formal and non-formal) | B8: TOTAL | C8: =SUM(C9:C13) -> 0
A14: 1b) Number of FDPs/HCs who completed a professional, technical or vocational education and/or training program or another non-formal skills training | B14: TOTAL | C14: =SUM(C15:C19) -> 32629
B15: ILO | C15: 3000
B16: UNHCR | C16: 29
B18: UNICEF | C18: 29600 | D18: 1.6
A20: 1c) Evidence that legal frameworks and policies are inclusive for refugees in terms of access to education systems | B20: No target needed
A21: Short-term Outcome 1.1: Increased National Capacity to Deliver Quality Education and Vocational Training
A22: 1.1a) Number of education and training institutions receiving technical assistance or capacity building | B22: TOTAL | C22: =SUM(C23:C27) -> 5
B24: ILO | C24: 5
A28: 1.1b) Number of teachers/ facilitators/ TVET trainers completing professional development trainings | B28: TOTAL | C28: =SUM(C29:C33) -> 1560
B29: UNICEF | C29: 1500 | D29: 1.6
B30: ILO | C30: 60
A34: 1.1c) Number of educational skills training curricula and programs (online & offline), improved/ updated/ developed (with formal and non-formal educational and skills training systems) | B34: TOTAL | C34: =SUM(C35:C39) -> 28
B35: UNICEF | C35: 8 | D35: 1.3, 1.6
B36: ILO | C36: 20
A40: Short-term Outcome 1.2: More FDPs And HCs Enrolled and Retained in Formal and Non-Formal Education At (Pre-) Primary and Secondary Levels
A41: 1.2a) Number of new FDPs/HCs enrolled in pre-primary/primary/secondary education (formal and non-formal) | B41: TOTAL | C41: =SUM(C42:C46) -> 0
A47: 1.2b) Number of FDPs/HCs retained in Primary/Secondary Education Program, Including Acceleration Education Programs and Early Childhood Education | B47: TOTAL | C47: =SUM(C48:C52) -> 5812
B48: UNICEF | C48: 5812
A53: 1.2c) Number of FDPs/HCs provided with in-kind or financial support to attend educational programs | B53: TOTAL | C53: =SUM(C54:C58) -> 0
B54: UNHCR | C54: TBD
A59: GCR indicator 2.2.1 - Proportion of refugee children enrolled in the national education system (primary and secondary) | B59: No target needed
A60: Short-term Outcome 1.3: More FDPs and HCs Access Occupational Relevant Skills and Skills Recognition for Transition to Work
A61: 1.3a) Number of FDPs/HCs who enrolled in professional, technical or vocational education and/or formal/informal skills training program | B61: TOTAL | C61: =SUM(C62:C66) -> 34700
B62: UNICEF | C62: 27000 | D62: 1.6
B63: ILO | C63: 1700
B64: UNHCR | C64: 6000
A67: 1.3b) Number of FDPs/HCs accessing apprenticeships, internships, fellowships, on-the-job training and work-based learning opportunities and other transition pathways to employability | B67: TOTAL | C67: =SUM(C68:C72) -> 5300
B68: UNICEF | C68: 4000
B69: ILO | C69: 1300
A73: 1.3c) Number of FDPs/HCs’ skills and qualifications recognized (RPL, credential evaluation, micro-credentialing, certification etc.) | B73: TOTAL | C73: =SUM(C74:C78) -> 1800
B74: UNICEF | C74: 800
B75: ILO | C75: 1000
A79: PILLAR 2: EMPLOYMENT WITH DIGNITY
A80: Mid-term Outcome 2: Improved Livelihoods and Expanded Economic Opportunities for FDPs and HCs
A81: 2a) Number of new wage employment and/or self-employment (business) opportunities supported by PROSPECTS
A87: 2b) Number of FDPs/HC members already employed or self-employed who have either increased their income, enhanced their working conditions or maintained resilient livelihoods
A93: 2c) Number of Government institutions, BDS providers, financial institutions, input providers and/or cooperatives that have introduced new services or scaled their service offer for FDPs and HCs
A98: 2d) Evidence that legal frameworks and policies are inclusive for refugees in terms of access to labor market and formality
A102: GCR indicator 2.1.1 - Proportion of refugees who have access to decent work by law
A107: Short-term Outcome 2.1: Improved Labour Market Governance Supporting Transition to and Entry into Employment and Formalization
A108: 2.1a) Number of job seekers using employment services
A115: 2.1b) Number of FDPs/HCs who have been issued work permits and/or business registrations (or other relevant operating licenses) with support from prospects
A122: 2.1c) Number of FDPs/HCs completing career counselling, JSC, life skills & employability trainings and/or other short-term trainings & support services
A126: Short-term Outcome 2.2: Increased Private Sector or Public Investment and Enhanced Business Environment for Creating Economic Opportunities for FDPs and HCs
... A336: Mid-term Outcome 2: Improved livelihoods and expanded economic opportunities for FDPs and HCs, through access to entrepreneurship and employment with dignity
A337: 2a) Number of new wage employment and/or self-employment (business) opportunities supported by PROSPECTS | B337: TOTAL | C337: =SUM(C338:C342) -> 6260
B338: UNICEF | C338: 2000
B339: ILO | C339: 3000
B340: UNHCR | C340: 1260
A343: 2b) Number of FDPs/HC members already employed or self-employed who have either increased their income, enhanced their working conditions or maintained resilient livelihoods | B343: TOTAL | C343: =SUM(C344:C348) -> 610
B344: ILO | C344: 610
A349: 2c) Number of Government institutions, BDS providers, financial institutions, input providers and/or cooperatives that have introduced new services or scaled their service offer for FDPs and HCs | B349: TOTAL | C349: =SUM(C350:C354) -> 90
B350: ILO | C350: 90
A355: 2d) Evidence that legal frameworks and policies are inclusive for refugees in terms of access to labor market and formality | B355: TOTAL | C355: =SUM(C356:C360) -> 0
A361: GCR indicator 2.1.1 - Proportion of refugees who have access to decent work by law | B361: No target needed
A362: Short-term Outcome 2.1: Improved Labour Market Governance Supporting Transition to and Entry into Employment and Formalization
A363: 2.1a) Number of job seekers using employment services | B363: TOTAL | C363: =SUM(C364:C368) -> 5000
B364: ILO | C364: 5000
A369: 2.1b) Number of FDPs/HCs who have been issued work permits and/or business registrations (or other relevant operating licenses) with support from prospects | B369: TOTAL | C369: =SUM(C370:C374) -> 150
B370: ILO | C370: 150
A375: 2.1c) Number of FDPs/HCs completing career counselling, JSC, life skills & employability trainings and/or other short-term trainings & support services | B375: TOTAL | C375: =SUM(C376:C380) -> 34600
B376: UNICEF | C376: 29600
B377: ILO | C377: 5000
A381: Short-term Outcome 2.2: Increased Private Sector or Public Investment and Enhanced Business Environment for Creating Economic Opportunities for FDPs and HCs
A382: 2.2a) Value of financing invested and leveraged (US$) in target areas | B382: TOTAL | C382: =SUM(C383:C387) -> 4925000
B383: IFC | C383: 4900000
A387: 2.2b) Number of workdays created for FDPs/HCs through labor-intensive investments | B387: TOTAL | C387: =SUM(C388:C392) -> 25000
B388: ILO | C388: 25000
A393: Short-term Outcome 2.3: Increased Access to Finance, Business Development and Entrepreneurial Support
A394: 2.3a) Number of FDPs/HCs accessing financial services (bank account, loan or another financial product) to support their business/coop with PROSPECTS support | B394: TOTAL | C394: =SUM(C395:C400) -> 34721
B395: ILO | C395: 650
A400: 2.3b) Number of FDPs/HCs accessing BDS services or trained on entrepreneurship/ financial education / cooperative development / other business skills | B400: TOTAL | C400: =SUM(C401:C405) -> 34071
B401: UNICEF | C401: 29600
B402: IFC | C402: 4071
B403: ILO | C403: 400
A406: 2.3c) Number of FDP/HC market actors trained and/or sensitized to improve linkages to FDPs/HCs and to other market actors for better value chain integration | B406: TOTAL | C406: =SUM(C407:C411) -> 0
B407: ILO | C407: 0
A412: Short-term Outcome 2.4: Enhanced Capacity to Protect Rights at Work and Promote Safe and Secure Working Environments for All Workers
A413: 2.4a) Number of institutions with improved capacities to promote and engage on rights at work with FDPs and HCs. | B413: TOTAL | C413: =SUM(C414:C418) -> 15
B414: ILO | C414: 15
A419: 2.4b) Number of beneficiaries who attended awareness-raising and capacity-building efforts on, among others, addressing informality, rights at work and improving quality and conditions of work | B419: TOTAL | C419: =SUM(C420:C424) -> 11400
B420: ILO | C420: 11400
A425: PILLAR 3: PROTECTION, SOCIAL PROTECTION AND INCLUSION
A426: Mid-term Outcome 3: Protection: Increased Government Protection for FDPs and HCs Protection: Increased Government Protection for FDPs and HCs Social Protection: Increased Inclusion of FDPs and HCs In Community-based, Local and/or National Social Protection Systems
A427: 3a) Extent of inclusion of FDPs in the social protection system (UNICEF SP Indicator 5.2.1) | B427: TOTAL | C427: Scale
B428: UNICEF
A429: GCR indicator 2.1.2 - Proportion of refugees who are able to move freely within the host country | B429: No target needed
A430: Short-term Outcome 3.1: Strengthened Legal, Policy and Regulatory Environment for Refugee Protection/Social Protection and Inclusion
A431: 3.1a) Evidence that legal frameworks and policies are inclusive for refugees in terms of protection | B431: No target needed
A432: Short-term Outcome 3.2: Refugees and HCs Have Increased Access To (Strengthened) Community-based, Local and/or National Protection Mechanisms/Services
A433: 3.2a) Number of refugees and asylum seekers benefitting from national civil status, identity or legal status documentation | B433: TOTAL | C433: =SUM(C435:C438) -> 0
A439: 3.2b) Number of FDPs and HCs benefitting from national specialized protective services, case management services and mental health and psychosocial support | B439: TOTAL | C439: =SUM(C440:C444) -> 20080
B440: UNICEF | C440: 18640
B441: UNHCR | C441: 1440
A445: 3.2c) Extent national child protection system is inclusive of refugee children | B445: TOTAL | C445: =SUM(C446:C450) -> 0
...

Sheet Symbols
E4: Meets target (2024) | K4: Meets target (2025)
E7: Approaches target (2024) | K7: Approaches target (2025)
E10: Initiated (2024) | K10: Initiated (2025)
E13: Not initiated (2024) | K13: Not initiated (2025)
Q16: 0.25 | R16: 0.5 | S16: 0.75 | T16: 1
Q17: 0.75 | R17: 0.5 | S17: 0.25 | T17: 0
Q18: 2024
Q24: Not initated | R24: Initiated | S24: Approaches | T24: Meets target
Q27: 2025
Q33: Not initated | R33: Initiated | S33: Approaches | T33: Meets target
